 Dungeon Crawl Stone Soup version 0.31-a0-1370-gf52a5a9 (webtiles) character file.

Game seed: 2848379746520304011

8776696 rotlqkf the Conqueror (level 27, 224/224 HPs)
             Began as an Octopode Shapeshifter on Dec 23, 2023.
             Was an Initiate of Gozag.
             Escaped with the Orb
             ... and 15 runes!
             The game lasted 05:37:04 (199971 turns).

rotlqkf the Conqueror (Octopode Shapeshifter)     Turns: 199971, Time: 05:37:04

Health: 224/224    AC:  8    Str: 36    XL:     27
Magic:  49/63      EV: 21    Int: 32    God:    Gozag
Gold:   14652      SH:  0    Dex:  8    Spells: 44/80 levels left

rFire   + +          +
                       - Unarmed
rCold   + + .        S - orb "Waocs" {*channel, Earth}
rNeg    + + +        Q - +3 crown of Dyrovepreva {rElec Int+2 SInv}
rPois   ∞            F - amulet "Sixaist" {rElec rN+ Regen+}
rElec   +            n - +6 ring of intelligence
rCorr   +            N - ring of ice
SInv    +            e - ring of Tocverau {rElec MP+9 AC+4 Str+4 Dex-4}
Will    +++++        P - ring "Kotwep" {rPois rF++ rN+ rCorr}
Stlth   ++++         V - ring "Eleisole" {rN+ Str+3 Int+2 Slay+4}
HPRegen 1.37/turn    U - ring of Fotacarph {Fly rF+ Will++ Int+4 Slay-3}
MPRegen 0.38/turn    W - ring "Mohetiot" {Wiz rPois rF+ Slay+2}
                     Z - +6 ring of strength

%: wizardry (x1), channel magic (20%)
@: death-form, flying, studying Axes
A: vile attack, torment immunity, no potions, almost no armour, amphibious, 8
rings, camouflage 1, gelatinous body 1, (nimble swimmer 1), tentacles, (berserk
1), fire resistance 1, strong 1
0: Orb of Zot
}: 15/15 runes: barnacled, slimy, silver, golden, iron, obsidian, icy, bone,
abyssal, demonic, glowing, magical, fiery, dark, gossamer
a: Siphon Essence, Begin Untransformation, Renounce Religion, Potion Petition,
Call Merchant, Bribe Branch


You escaped.
You worshipped Gozag.
Gozag was extremely pleased with you.
You were an undying horror.
You visited 18 branches of the dungeon, and saw 85 of its levels.
You visited Pandemonium 2 times, and saw 45 of its levels.
You visited the Abyss 2 times.
You also visited: Bailey and Desolation.

You collected 79920 gold pieces.
You spent 12532 gold pieces at shops.
You paid 52736 gold pieces to Gozag.

Inventory:

Armour
 Q - the +3 crown of Dyrovepreva (worn) {rElec Int+2 SInv}
   (You found it on level 4 of the Shoals)

   Int+2:     It affects your intelligence (+2).
   rElec:     It insulates you from electricity.
   SInv:      It lets you see invisible.
 S - the orb "Waocs" (worn) {*channel, Earth}
   (You acquired it in Pandemonium)

   Earth:     It increases the power of your Earth spells.
Jewellery
 b - a +6 ring of dexterity
 e - the ring of Tocverau (on tentacle) {rElec MP+9 AC+4 Str+4 Dex-4}
   (You found it in Pandemonium)

   [ring of protection]

   AC+4:      It affects your AC (+4).
   Str+4:     It affects your strength (+4).
   Dex-4:     It affects your dexterity (-4).
   rElec:     It insulates you from electricity.
   MP+9:      It affects your magic capacity (+9).
 n - a +6 ring of intelligence (left tentacle)
 B - a +5 ring of evasion
 F - the amulet "Sixaist" (around mantle) {rElec rN+ Regen+}
   (You bought it in a shop on level 3 of the Vaults)

   [amulet of regeneration]

   rElec:     It insulates you from electricity.
   rN+:       It protects you from negative energy.
   Regen+:    It increases your rate of health regeneration.
 G - the ring of Beogh's Displeasure {*Slow rN++ EV+5 Str+3}
   (You bought it in a shop in Pandemonium)

   [ring of evasion]

   EV+5:      It affects your evasion (+5).
   Str+3:     It affects your strength (+3).
   rN++:      It greatly protects you from negative energy.
   *Slow:     It may slow you when you take damage.
 H - the macabre finger necklace {Finger+ rN+}
   (You took it off a deep elf demonologist on level 5 of the Vaults)

   [amulet of nothing]

   Finger+:   It enables you to equip an extra ring.
   rN+:       It protects you from negative energy.
 J - a +4 ring of protection
 M - the ring of Olaon {rN+ Will+ rCorr Int-2 Slay+2 SInv}
   (You acquired it in Pandemonium)

   [ring of willpower]

   Int-2:     It affects your intelligence (-2).
   Slay+2:    It affects your accuracy & damage with ranged weapons and melee
   (+2).
   rN+:       It protects you from negative energy.
   Will+:     It increases your willpower.
   SInv:      It lets you see invisible.
   rCorr:     It protects you from acid and corrosion.
 N - a ring of ice (right tentacle)
 O - the ring of Waklil {rC+ AC+4}
   (You found it on level 4 of the Vaults)

   [ring of protection]

   AC+4:      It affects your AC (+4).
   rC+:       It protects you from cold.
 P - the ring "Kotwep" (on tentacle) {rPois rF++ rN+ rCorr}
   (You took it off a tengu reaver on level 3 of the Depths)

   [ring of resist corrosion]

   rF++:      It greatly protects you from fire.
   rPois:     It protects you from poison rN+: It protects you from negative
   energy.
   rCorr:     It protects you from acid and corrosion.
 U - the ring of Fotacarph (on tentacle) {Fly rF+ Will++ Int+4 Slay-3}
   (You found it on level 5 of the Lair of Beasts)

   [ring of protection from fire]

   Int+4:     It affects your intelligence (+4).
   Slay-3:    It affects your accuracy & damage with ranged weapons and melee
   (-3).
   rF+:       It protects you from fire.
   Will++:    It greatly increases your willpower.
   Fly:       It grants you flight.
 V - the ring "Eleisole" (on tentacle) {rN+ Str+3 Int+2 Slay+4}
   (You bought it in a shop in Pandemonium)

   [ring of slaying]

   Str+3:     It affects your strength (+3).
   Int+2:     It affects your intelligence (+2).
   Slay+4:    It affects your accuracy & damage with ranged weapons and melee
   (+4).
   rN+:       It protects you from negative energy.
 W - the ring "Mohetiot" (on tentacle) {Wiz rPois rF+ Slay+2}
   (You bought it in a shop in Pandemonium)

   [ring of wizardry]

   Wiz:       It improves your spell success rate.
   Slay+2:    It affects your accuracy & damage with ranged weapons and melee
   (+2).
   rF+:       It protects you from fire.
   rPois:     It protects you from poison
 Z - a +6 ring of strength (on tentacle)
Talismans
 m - a talisman of death (active)
 z - a storm talisman
Wands
 x - a wand of digging (36)
 K - a wand of light (104)
Scrolls
 f - 6 scrolls of torment
 i - 25 scrolls of fog
 l - 14 scrolls of vulnerability
 p - 2 scrolls of revelation
 r - 8 scrolls of butterflies
 s - 4 scrolls of silence
 v - 14 scrolls of amnesia
 w - 25 scrolls of fear
 y - 7 scrolls of blinking
 A - 36 scrolls of teleportation
 L - 13 scrolls of immolation
Potions
 a - 14 potions of lignification
 c - 7 potions of ambrosia
 d - 15 potions of haste
 g - 23 potions of brilliance
 h - 23 potions of attraction
 j - 12 potions of mutation
 k - 55 potions of curing
 o - 4 potions of berserk rage
 q - 16 potions of might
 t - 21 potions of enlightenment
 u - 13 potions of cancellation
 C - 23 potions of heal wounds
 E - 19 potions of invisibility
 I - 4 potions of magic
 X - 8 potions of resistance
Miscellaneous
 D - a phial of floods
 R - a figurine of a ziggurat
 T - a phantom mirror
 Y - a lightning rod (4/4)


   Skills:
 O Level 27 Fighting
 O Level 27 Dodging
 O Level 27 Stealth
 O Level 27 Unarmed Combat
 O Level 27 Spellcasting
 + Level 17.7 Hexes
 - Level 17.0 Translocations
 O Level 27 Ice Magic
 - Level 8.3 Air Magic
 - Level 1.0 Alchemy
 O Level 27 Evocations
 O Level 27 Shapeshifting


You had 44 spell levels left.
You knew the following spells:

 Your Spells              Type           Power      Damage    Failure   Level
a - Yara's Violent Unrav  Hex/Alch       40%        3d16      1%          5
b - Maxwell's Capacitive  Air            38%        ∞         58%         8
c - Manifold Assault      Tloc           100%       N/A       1%          4
d - Passage of Golubria   Tloc           100%       N/A       1%          4
e - Blink                 Tloc           100%       N/A       1%          2
f - Polar Vortex          Ice            72%        12d9*     1%          9
g - Vhi's Electric Charg  Tloc/Air       100%       N/A       1%          4

Your spell library contained the following spells:

 Spells                   Type           Power      Damage    Failure   Level
 Apportation              Tloc           100%       N/A       1%          1
 Freeze                   Ice            100%       1d10      1%          1
 Kiss of Death            Conj/Necr      100%       2d13      1%          1
 Magic Dart               Conj           100%       1d8       1%          1
 Necrotise                Necr           100%       1d9       1%          1
 Sandblast                Erth           100%       2d20      1%          1
 Shock                    Conj/Air       100%       1d9       1%          1
 Slow                     Hex            100%       N/A       1%          1
 Sting                    Conj/Alch      100%       1d9       1%          1
 Summon Small Mammal      Summ           100%       N/A       1%          1
 Call Imp                 Summ           86%        N/A       1%          2
 Cigotuvi's Dreadful Rot  Necr/Alch/Air  100%       N/A       1%          2
 Ensorcelled Hibernation  Hex/Ice        100%       N/A       1%          2
 Jinxbite                 Hex            100%       N/A       1%          2
 Lesser Beckoning         Tloc           100%       N/A       1%          2
 Mercury Vapours          Alch/Air       100%       N/A       1%          2
 Momentum Strike          Conj/Tloc      100%       3d10      1%          2
 Passwall                 Alch/Erth      51%        N/A       1%          2
 Scorch                   Fire           86%        2d8       1%          2
 Searing Ray              Conj           86%        2d7       1%          2
 Static Discharge         Conj/Air       100%       3-8/arc   1%          2
 Sublimation of Blood     Necr           43%        N/A       1%          2
 Confusing Touch          Hex            100%       N/A       1%          3
 Dazzling Flash           Conj/Hex       100%       N/A       1%          3
 Frozen Ramparts          Ice            100%       1d16      1%          3
 Hailstorm                Conj/Ice       100%       3d16      1%          3
 Inner Flame              Hex/Fire       79%        N/A       1%          3
 Mephitic Cloud           Conj/Alch/Air  58%        N/A       1%          3
 Ozocubu's Armour         Ice            100%       N/A       1%          3
 Sigil of Binding         Hex            100%       N/A       1%          3
 Summon Guardian Golem    Hex/Summ       79%        N/A       1%          3
 Swiftness                Air            77%        N/A       1%          3
 Teleport Other           Tloc           100%       N/A       1%          3
 Tukima's Dance           Hex            100%       N/A       1%          3
 Volatile Blastmotes      Fire/Tloc      100%       2d18      1%          3
 Airstrike                Air            38%        2d(6-22)  1%          4
 Anguish                  Hex/Necr       39%        N/A       1%          4
 Cause Fear               Hex            51%        N/A       1%          4
 Dimensional Bullseye     Hex/Tloc       50%        N/A       1%          4
 Iskenderun's Mystic Bla  Conj/Tloc      78%        2d16      1%          4
 Summon Ice Beast         Ice/Summ       100%       N/A       1%          4
 Freezing Cloud           Conj/Ice/Air   54%        6-21      1%          5
 Metabolic Englaciation   Hex/Ice        67%        N/A       1%          5
 Silence                  Hex/Air        45%        N/A       1%          5
 Summon Forest            Summ/Tloc      39%        N/A       1%          5
 Summon Mana Viper        Hex/Summ       79%        N/A       1%          5
 Dispersal                Tloc           50%        N/A       1%          6
 Enfeeble                 Hex            51%        N/A       1%          7
 Ozocubu's Refrigeration  Ice            72%        4d23      1%          7
 Call Canine Familiar     Summ           43%        N/A       2%          3
 Fugue of the Fallen      Necr           43%        N/A       2%          3
 Stone Arrow              Conj/Erth      100%       3d13      2%          3
 Vampiric Draining        Necr           43%        2d9       2%          3
 Olgreb's Toxic Radiance  Alch           49%        N/A       4%          4
 Arcjolt                  Conj/Air       31%        1d41      4%          5
 Discord                  Hex            51%        N/A       4%          8
 Disjunction              Tloc           50%        N/A       4%          8
 Fulminant Prism          Conj/Alch      23%        3d12      5%          4
 Ignite Poison            Fire/Alch      46%        N/A       5%          4
 Leda's Liquefaction      Alch/Erth      31%        N/A       5%          4
 Petrify                  Alch/Erth      62%        N/A       5%          4
 Sticky Flame             Fire/Alch      46%        2d9       5%          4
 Brom's Barrelling Bould  Conj/Erth      59%        2d7       6%          4
 Flame Wave               Conj/Fire      43%        2d11      6%          4
 Alistair's Intoxication  Alch           32%        N/A       10%         5
 Irradiate                Conj/Alch      23%        3d19      12%         5
 Agony                    Necr           43%        N/A       13%         5
 Borgnjor's Vile Clutch   Necr/Erth      29%        N/A       13%         5
 Fireball                 Conj/Fire      21%        3d10      13%         5
 Iskenderun's Battlesphe  Conj           43%        2d9       13%         5
 Lee's Rapid Deconstruct  Erth           29%        3d15*     13%         5
 Conjure Ball Lightning   Conj/Air       31%        3x3d10    13%         6
 Plasma Beam              Fire/Air       31%        2x1d44    13%         6
 Malign Gateway           Summ/Tloc      39%        N/A       13%         7
 Eringya's Noxious Bog    Alch           24%        4d6       36%         6
 Bombard                  Conj/Erth      29%        9d5       47%         6
 Death Channel            Necr           21%        N/A       47%         6
 Starburst                Conj/Fire      21%        6d7       47%         6
 Summon Cactus Giant      Summ           21%        N/A       47%         6
 Haunt                    Necr/Summ      21%        N/A       92%         7
 Monstrous Menagerie      Summ           21%        N/A       92%         7
 Orb of Destruction       Conj           21%        9d8       92%         7
 Summon Hydra             Summ           21%        N/A       92%         7
 Borgnjor's Revivificati  Necr           21%        N/A       100%        8
 Ignition                 Fire           21%        3d8       100%        8
 Infestation              Necr           21%        N/A       100%        8
 Lehudib's Crystal Spear  Conj/Erth      29%        10d8      100%        8
 Summon Horrible Things   Summ           21%        N/A       100%        8
 Dragon's Call            Summ           21%        N/A       100%        9
 Simulacrum               Ice/Necr       Unusable   N/A       N/A         6
 Animate Armour           Summ/Erth      Unusable   N/A       N/A         4
 Animate Dead             Necr           Unusable   N/A       N/A         4

Dungeon Overview and Level Annotations

Branches:
Dungeon (15/15)            Temple (1/1) D:5            Lair (5/5) D:9
 Shoals (4/4) Lair:3       Spider (4/4) Lair:2        Slime (5/5) Lair:4
    Orc (2/2) D:10            Elf (3/3) Orc:2        Vaults (5/5) D:14
  Crypt (3/3) Vaults:3       Tomb (3/3) Crypt:3      Depths (4/4) D:15
   Hell (visited)             Dis (7/7) Hell            Geh (7/7) Hell
    Coc (7/7) Hell            Tar (7/7) Hell            Zot (5/5) Depths:4
 Bailey (visited)         Desolation (visited)

Altars:
Ashenzari
Cheibriados
Dithmenos
Elyvilon
Fedhas
Gozag
Hepliaklqana
Kikubaaqudgha
Makhleb
Nemelex Xobeh
Okawaru
Qazlal
Ru
Sif Muna
Trog
Uskayaw
Vehumet
Wu Jian
Xom
Yredelemnul
Zin
The Shining One
Jiyva
Lugonu

Shops:
D:4 ([   D:5 :   D:6 [   D:7 =   D:13 [   Orc:2 *[:(   Elf:1 (   Elf:3 !
Shoals:1 :!   Vaults:1 (   Vaults:3 :=**?*!**   Vaults:4 [   Vaults:5 =??
Depths:1 *!(   Depths:2 *?

Portals:
Hell: Depths:1 Depths:2 Depths:3 Depths:4
Abyss: Lair:5 Depths:3
Pandemonium: Depths:2
Ziggurat: Depths:2


Innate Abilities, Weirdness & Mutations

You are an undying horror.
Your melee and unarmed attacks drain, slow and weaken victims.
You are immune to unholy pain and torment.
You cannot drink.
You are immune to poison.
You cannot wear most types of armour.
You are amphibious.
You can wear up to eight rings at the same time.
Your skin changes colour to match your surroundings (Stealth+).
Your rubbery body absorbs attacks. (AC +1, EV +1)
((You are camouflaged when in or above water. (Stealth+)))
You have tentacles for arms and can constrict up to eight enemies at once.
((You sometimes lose your temper in combat.))
Your flesh is heat resistant. (rF+)
Your muscles are strong. (Str +4, Int/Dex -1)


Message History

Space momentarily warps into an impossible shape!
You thrash the rust devil!!!
You kill the rust devil!
You can't see any susceptible monsters within range! (Use Z to cast anyway.)
You can't see any susceptible monsters within range! (Use Z to cast anyway.) Magic restored.
There is a stone staircase leading up here.
You fly upwards.
There is a stone staircase leading down here.
Key pressed, stopping travel.
Okay, then.
Okay, then.
Okay, then.
Okay, then.
Okay, then.
You can't see any susceptible monsters within range! (Use Z to cast anyway.)
You can't see any susceptible monsters within range! (Use Z to cast anyway.)
You can't see any susceptible monsters within range! (Use Z to cast anyway.)
Okay, then.
Okay, then.
A hell beast comes into view.
Space momentarily warps into an impossible shape!
You closely miss the hell beast.
Space momentarily warps into an impossible shape!
You thrash the hell beast!!!
The hell beast decays.
Space momentarily warps into an impossible shape!
You thrash the hell beast!!!
You kill the hell beast!
You can't see any susceptible monsters within range! (Use Z to cast anyway.)
A shadow demon comes into view.
Space momentarily warps into an impossible shape!
You bludgeon the shadow demon!
The shadow demon decays.
Space momentarily warps into an impossible shape!
You thrash the shadow demon!!!
You kill the shadow demon!
You can't see any susceptible monsters within range! (Use Z to cast anyway.)
You can't see any susceptible monsters within range! (Use Z to cast anyway.)
There is a staircase leading out of the dungeon here.
Okay, then.
You have escaped!

#.##.#...###########.####
#........................
#.....#####.#############
#....#.###.## #
#...###.#.## #### #####
#..## ##.## ##..# ##....
#.#.###.#.###.#.####..###
#.##.#.#.#.#.##....#)##
#.###.#.z.#.###......####
#.##.#.#.#.#.##.....##...
#.#.###.#.###.#........##
#..## ##.## ##......####
#..####.#.###......##
##...#.###.#.......#
###..#####........# ####
#..........# ############


There were no monsters in sight!

Vanquished Creatures
  Cerebov (Pan)
  Antaeus (Coc:7)
  Asmodeus (Geh:7)
  Dissolution (Slime:4)
  the Royal Jelly (Slime:5)
  Ereshkigal (Tar:7)
  Gloorx Vloq (Pan)
  Ignacio (Pan)
  A seraph (Pan)
  Mnoleg (Pan)
  Dispater (Dis:7)
  Lom Lobon (Pan)
  Tiamat (Zot:1)
  the Serpent of Hell (Tar:7)
  8 dread liches
  4 orbs of fire
  10 ancient liches
  The ghost of Plog the Wrestler, a master TrFi of Okawaru (Zot:3)
  Mennas (Pan)
  3 juggernauts (Dis:7)
  Boris (Vaults:4)
  Xtahua (Vaults:5)
  36 royal mummies
  3 Killer Klowns
  Sojobo (Crypt:3)
  23 shard shrikes
  Bai Suzhen (Vaults:5)
  18 caustic shrikes
  Margery (Depths:1)
  4 curse toes
  5 golden dragons
  Geryon (Hell)
  The ghost of Xihuodghy the Slayer, an adept MiBe of Trog (Vaults:3)
  2 pearl dragons (Pan)
  16 bone dragons
  8 profane servitors
  Norris (Elf:2)
  50 Tzitzimimeh
  5 iron giants (Dis:7)
  42 Brimstone Fiends
  2 spectral shard shrikes (Tar:4)
  5 electric golems
  11 doom hounds
  8 hellephants
  37 Hell Sentinels
  19 tentacled monstrosities
  15 tainted leviathans
  31 Ice Fiends
  25 Orb Guardians (Zot:5)
  11 liches
  The ghost of Giudin the Blocker, an adept GnFi of Gozag (Vaults:3)
  35 pandemonium lords (Pan)
  10 titans
  3 walking frostbound tomes (Pan)
  11 searing wretches
  14 sphinxes
  38 ancient champions
  23 acid blobs
  Polyphemus (Shoals:2)
  A quicksilver dragon (Vaults:5)
  7 death cobs
  2 deep elf blademasters
  56 Executioners
  15 tengu reavers
  A tentacled starspawn (Abyss:5)
  7 krakens
  An eldritch tentacle (Pan)
  9 storm dragons
  38 demonspawn warmongers (Pan)
  12 shadow dragons
  17 azure jellies
  6 protean progenitors
  18 daevas (Pan)
  19 rockslimes
  3 draconian monks
  4 draconian shifters
  13 narguns
  Aizul (Elf:2)
  8 draconian knights
  28 fire giants
  10 draconian scorchers
  73 balrugs
  12 iron dragons
  A spectral caustic shrike (Tar:4)
  2 emperor scorpions
  15 quicksilver elementals
  9 deep elf sorcerers
  7 ghost moths
  The ghost of Saucecrufibb the Severer, a journeyman DsBe of Trog (D:15)
  7 frost giants
  A spectral juggernaut (Tar:1)
  43 angels
  8 shard shrike simulacra
  5 deep elf elementalists
  A caustic shrike zombie (Crypt:3)
  5 curse skulls
  9 ghouls
  4 draconian stormcallers
  2 caustic shrike skeletons
  17 vault wardens
  3 broodmothers
  44 reapers
  64 cacodemons
  8 orc warlords
  2 formless jellyfish
  31 demonspawn corrupters
  12 stone giants
  A spriggan defender (Depths:2)
  42 war gargoyles
  16 ironbound preservers
  7 draconian annihilators
  20 ophanim (Pan)
  5 ironbound thunderhulks
  34 demonspawn blood saints (Pan)
  15 quicksilver oozes
  21 very ugly things
  11 green draconians
  33 elemental wellsprings
  5 vampire knights
  16 bennus
  42 demonspawn black suns (Pan)
  8 putrid mouths
  2 spectral titans
  13 wendigos
  4 dire elephants
  100 lorocyprocas
  33 apis
  7 deep elf demonologists
  6 deep elf death magi
  9 deep elf annihilators
  7 red draconians
  9 yellow draconians
  10 black draconians
  9 purple draconians
  6 white draconians
  3 halazid warlocks (Desolation)
  66 blizzard demons
  15 iron golems
  3 merfolk javelineers
  19 eidola
  28 mummy priests
  An elf zombie (Crypt:2)
  A quicksilver dragon zombie (Hell)
  2 entropy weavers (shapeshifter)
  A spectral quicksilver dragon (Tar:2)
  48 green deaths
  9 fire dragons
  4 entropy weavers
  3 crystal guardians
  14 ettins
  6 merfolk impalers
  13 yaktaur captains
  11 servants of whispers (Desolation)
  2 spectral spriggans
  12 rakshasas
  5 jiangshi
  3 ragged hierophants (Desolation)
  2 spriggan zombies
  6 great orbs of eyes
  10 deep elf high priests
  37 vault guards
  6 peacekeepers
  10 hydras
  3 quicksilver dragon skeletons
  13 salamander tyrants
  8 ice dragons
  5 radroaches
  17 hell beasts
  A spriggan air mage (Pan)
  16 centaur warriors
  3 ironbound frosthearts
  2 merfolk avatars
  11 caustic shrike simulacra
  3 satyrs (Shoals:3)
  An alligator snapping turtle (Shoals:3)
  2 merfolk aquamancers
  A two-headed ogre (shapeshifter) (Vaults:5)
  An ogre mage (D:15)
  4 spriggan skeletons
  9 two-headed ogres
  2 catoblepae
  32 dancing weapons
  25 stokers
  A death knight (D:14)
  7 juggernaut simulacra
  9 boulder beetles
  The ghost of PhillyD the Skirmisher, a novice MiHu of Okawaru (D:9)
  15 death yaks
  A naga warrior (D:15)
  A sphinx skeleton (Depths:1)
  11 deep troll earth magi
  9 deep troll shamans
  3 spectral nagas
  69 death scarabs
  10 tengu warriors
  83 demonic crawlers
  The ghost of sol123 the Martial Artist, a novice GnSh of Yredelemnul (D:8)
  4 vampire magi
  A titan zombie (Tar:7)
  3 spectral dire elephants
  An Orb Guardian skeleton (Crypt:1)
  7 orc high priests
  5 spriggan berserkers
  69 hell hogs
  3 hell knights (Depths:1)
  4 occultists
  148 soul eaters
  229 sun demons
  3 thrashing horrors (Lair:5)
  A storm dragon zombie (Depths:1)
  19 crystal echidnas
  13 deep elf knights
  3 titan skeletons
  2 wretched stars (Abyss:5)
  15 skeletal warriors
  6 skysharks
  34 shadow wraiths
  82 sixfirhies (Pan)
  10 iron trolls
  3 pharaoh ants
  A spectral bunyip (Tar:1)
  An emperor scorpion zombie (Tomb:1)
  8 quicksilver dragon simulacra
  10 sea snakes
  2 ghost moth zombies
  A golden dragon zombie (Depths:1)
  9 glowing orange brains
  19 cherubim (Pan)
  54 deep trolls
  A spectral iron dragon (Tar:2)
  5 flayed ghosts
  A steelbarb worm (Spider:1)
  51 shadow demons
  2 bunyip skeletons
  8 arcanists
  4 storm dragon skeletons
  7 anaconda zombies
  10 phantasmal warriors
  Pikel (D:7)
  8 deep elf archers
  4 anaconda skeletons
  16 lindwurms
  A bog body (Crypt:1)
  6 orb spiders
  A broodmother zombie (Crypt:1)
  3 spriggan simulacra
  24 orc knights
  21 ironbound convokers
  23 deep elf zephyrmancers
  14 harpies
  A lindwurm (shapeshifter) (Vaults:5)
  An alligator zombie (Hell)
  173 large abominations
  A wolf spider zombie (D:14)
  2 tengu skeletons
  A steelbarb worm (shapeshifter) (Vaults:5)
  10 orc sorcerers
  39 deep elf pyromancers
  A spectral ettin (Tar:1)
  8 necromancers
  24 wolf spiders
  32 ugly things
  18 fauns
  3 cyclopes
  14 shining eyes
  2 spectral centaurs
  An elephant (shapeshifter) (Vaults:5)
  30 manticores
  An alligator skeleton (Pan)
  A fire giant skeleton (Depths:1)
  4 black mambas
  16 elephants
  Joseph (D:9)
  3 guardian serpents (Desolation)
  18 moths of wrath
  A water nymph (shapeshifter) (Vaults:5)
  2 centaur zombies
  11 rust devils
  A kobold blastminer (Orc:1)
  22 vault sentinels
  4 eyes of devastation
  2 dire elephant zombies
  7 merfolk sirens
  80 orange demons
  7 ice statues
  3 torpor snails
  202 smoke demons
  2 molten gargoyles (Hell)
  7 titan simulacra
  2 gargoyles (D:11)
  A storm dragon simulacrum (Depths:1)
  6 centaur skeletons
  A dire elephant skeleton (Tomb:3)
  14 water nymphs
  12 cane toads
  An elephant slug zombie (Crypt:3)
  6 rime drakes
  3 unseen horrors
  32 yaktaurs
  Jeremiah (D:8)
  A purple draconian zombie (Crypt:2)
  56 hellions
  7 naga skeletons
  An alligator snapping turtle skeleton (Crypt:1)
  14 efreet
  7 tengu conjurers
  58 tormentors
  3 sea snake zombies (Hell)
  A golden dragon simulacrum (Coc:2)
  14 freezing wraiths
  7 anaconda simulacra
  An ancient zyme (Abyss:5)
  18 ice devils
  3 hydra zombies
  7 komodo dragons
  Psyche (D:8)
  A spectral harpy (Tar:5)
  55 guardian mummies
  4 iron giant simulacra
  A silent spectre (Tar:6)
  24 red devils
  A bunyip simulacrum (Coc:2)
  A harpy zombie (Tar:7)
  A minotaur skeleton (Crypt:3)
  A queen bee (shapeshifter) (Lair:5)
  6 meliai
  6 trolls
  61 hellwings (Pan)
  4 polar bears
  6 wind drakes
  27 tarantellas
  A fire dragon zombie (Tomb:2)
  51 saltlings (Desolation)
  29 merfolk
  A shadow dragon simulacrum (Vaults:4)
  2 hydra skeletons
  An iron dragon simulacrum (Coc:7)
  15 blink frogs
  5 raiju
  5 harpy skeletons
  10 hornets
  A meliai zombie (D:14)
  5 dream sheep (Lair:5)
  An ettin zombie (Tomb:1)
  A snapping turtle (shapeshifter) (Vaults:5)
  4 glass eyes
  7 snapping turtles
  Sigmund (D:6)
  2 stone giant simulacra
  105 slime creatures
  A frost giant simulacrum (Depths:1)
  A guardian serpent skeleton (Crypt:3)
  An orc simulacrum (Coc:1)
  4 air elementals
  2 ettin skeletons
  19 culicivoras
  9 spriggans
  23 jumping spiders
  10 dire elephant simulacra
  6 wyverns
  11 water elementals
  9 wraiths
  An alligator snapping turtle simulacrum (Coc:1)
  19 ushabtiu
  146 ynoxinuls
  2 fire elementals
  15 basilisks
  40 yaks
  2 vampire mosquitoes (D:14)
  93 chaos spawn
  3 steam dragons
  A redback (shapeshifter) (Vaults:5)
  24 golden eyes
  32 redbacks
  69 neqoxecs (Pan)
  15 wargs
  A swamp worm (shapeshifter) (Vaults:5)
  A two-headed ogre zombie (Tomb:1)
  A skyshark zombie (Crypt:1)
  15 harpy simulacra
  32 small abominations
  2 human zombies (Vaults:4)
  3 acid dragons
  A faun zombie (Crypt:3)
  2 hydra simulacra
  10 water moccasins
  2 water moccasins (shapeshifter)
  Duvessa (D:7)
  39 orc warriors
  12 hell hounds
  A black bear (Lair:2)
  6 ice beasts (D:9)
  25 wolves
  7 ettin simulacra
  2 sky beasts (D:8)
  4 boggarts (Vaults:1)
  8 laughing skulls
  A crocodile (shapeshifter) (Lair:5)
  3 human skeletons
  A dream sheep skeleton (Crypt:3)
  10 ogres
  2 lemures (D:7)
  14 centaurs
  A phantom (D:5)
  2 brain worms (Pan)
  2 kobold brigands
  9 weeping skulls (Abyss:5)
  2 gnoll sergeants
  8 bullfrogs
  A wyvern zombie (Crypt:2)
  A yaktaur skeleton (Crypt:1)
  4 necrophages
  5 naga simulacra
  3 earth elementals
  2 scorpions
  Dowan (D:7)
  A troll zombie (Crypt:2)
  3 killer bees (D:10)
  A shapeshifter skeleton (Crypt:3)
  8 howler monkeys
  7 electric eels (D:13)
  5 crimson imps (Pan)
  2 hounds
  3 jellies
  A gnoll bouda (D:8)
  20 orc priests
  14 starcursed masses (Abyss:5)
  2 sleepcaps
  Ijyb (D:5)
  2 iguanas
  32 orc wizards
  A boggart zombie (Crypt:1)
  6 hell rats
  An ogre skeleton (Crypt:3)
  A deep dwarf skeleton (Crypt:2)
  55 mummies
  13 gnolls
  7 adders
  8 river rats (Lair:3)
  A shadow imp (D:7)
  2 bombardier beetles (D:4)
  3 white imps
  2 ufetubi (Pan)
  4 worms
  4 dart slugs
  112 orcs
  6 bats
  9 endoplasms
  5 giant cockroaches
  15 goblins
  6 hobgoblins
  3 jackals (D:5)
  25 kobolds
  A quokka (D:4)
  3 training dummies (D:4)
  7 ball pythons
  2 frilled lizards (D:3)
  A frilled lizard zombie (Crypt:2)
  5 rats
  A river rat skeleton (Crypt:1)
  6 aspiring fleshes
  11 creeping infernos
  31 fire vortices
  A lurking horror (Abyss:5)
  16 tentacles (Shoals:4)
6176 creatures vanquished.

Vanquished Creatures (collateral kills)
  A yaktaur captain (Vaults:2)
  A redback (Spider:4)
2 creatures vanquished.

Vanquished Creatures (others)
  A Tzitzimitl (Pan)
  2 demonspawn black suns (Pan)
  A hell hog (Geh:2)
  A soul eater (Pan)
  A deep elf knight (Elf:3)
  A phantasmal warrior (Vaults:5)
  A smoke demon (Pan)
  A ynoxinul (Pan)
  A neqoxec (Pan)
  2 chaos spawn (Pan)
  2 creeping infernos (Geh:6)
  2 starspawn tentacles (Abyss:5)
  60 tentacles
76 creatures vanquished.

Grand Total: 6254 creatures vanquished

Notes
Turn   | Place    | Note
-------+----------+-------------------------------------------
     0 | D:1      | rotlqkf the Octopode Shapeshifter began the quest for the
                  | Orb.
     0 | D:1      | Reached XP level 1. HP: 13/13 MP: 1/1
    88 | D:1      | Reached skill level 1 in Stealth
   124 | D:1      | Reached XP level 2. HP: 4/18 MP: 2/2
   437 | D:1      | Reached XP level 3. HP: 23/23 MP: 3/3
   876 | D:2      | Reached XP level 4. HP: 28/28 MP: 4/4
  1420 | D:3      | Found a white marble altar of Elyvilon.
  1486 | D:3      | You fall into a shaft and drop 2 floors!
  1486 | D:5      | Entered Level 5 of the Dungeon
  1486 | D:5      | Found a staircase to the Ecumenical Temple.
  1489 | D:5      | Noticed Ijyb
  1492 | Temple   | Entered the Ecumenical Temple
  1501 | Temple   | Became a worshipper of Gozag Ym Sagoz the Greedy
  1510 | D:5      | Paralysed by Ijyb for 3 turns
  1523 | D:5      | Killed Ijyb
  1524 | D:5      | Reached XP level 5. HP: 33/33 MP: 5/5
  1557 | D:5      | Found Ziteodwy's Book Boutique.
  1581 | D:5      | Reached skill level 5 in Unarmed Combat
  1624 | D:5      | Noticed a centaur
  1633 | D:5      | Killed a centaur
  1634 | D:5      | Reached XP level 6. HP: 36/38 MP: 6/6
  1751 | D:5      | HP: 1/38 [hound (4)]
  1966 | D:5      | Reached skill level 5 in Shapeshifting
  1966 | D:5      | Reached XP level 7. HP: 10/43 MP: 7/7
  2092 | D:4      | Found Hahixugg's Armour Boutique.
  2712 | D:4      | Found Saofod's Firing Range.
  2726 | D:4      | Reached XP level 8. HP: 48/48 MP: 8/8
  4741 | D:5      | Found Ziteodwy's Book Boutique.
  4781 | D:5      | Found a staircase to the Ecumenical Temple.
  5414 | D:6      | Found Filud's Armour Boutique.
  5628 | D:6      | Noticed Sigmund
  5635 | D:6      | Killed Sigmund
  5785 | D:7      | Noticed Duvessa
  5785 | D:7      | Noticed Dowan
  5789 | D:7      | Killed Dowan
  6015 | D:7      | Killed Duvessa
  6049 | D:7      | Found Luntibba's Jewellery Boutique.
  6077 | D:7      | Reached XP level 9. HP: 48/58 MP: 9/9
  6233 | D:7      | Noticed Pikel
  6241 | D:7      | Killed Pikel
  6242 | D:7      | Reached skill level 5 in Fighting
  6391 | D:7      | Found Luntibba's Jewellery Boutique.
  6756 | D:8      | Noticed Psyche
  7055 | D:8      | Killed Psyche
  7078 | D:8      | Noticed a cyclops
  7097 | D:8      | Killed a cyclops
  7103 | D:8      | Reached skill level 10 in Shapeshifting
  7103 | D:8      | Reached XP level 10. HP: 55/71 MP: 10/10
  7198 | D:8      | Noticed a skeletal warrior
  7655 | D:9      | Noticed PhillyD's ghost (novice MiHu)
  7656 | D:9      | Noticed a manticore
  7663 | D:9      | Found a transporter.
  7664 | D:9      | Noticed a green ugly thing
  7700 | D:9      | Found a staircase to the Lair.
  7723 | D:9      | Reached skill level 5 in Dodging
  7875 | D:9      | Noticed Joseph
  8121 | D:9      | Killed Joseph
  8245 | D:9      | Found a transporter.
  8256 | D:9      | Noticed a centaur warrior
  8313 | D:9      | Reached XP level 11. HP: 80/80 MP: 11/11
  8631 | D:9      | Found a transporter.
  8634 | D:9      | Found a staircase to the Lair.
  8753 | D:9      | Found a transporter.
  9230 | D:10     | Entered Level 10 of the Dungeon
  9279 | D:10     | Found a staircase to the Orcish Mines.
  9543 | D:10     | Found a flagged portal.
  9562 | Bailey   | Entered a bailey
  9567 | Bailey   | Noticed an orc warlord
  9625 | Bailey   | Found a runed translucent gate.
  9625 | Bailey   | Found a runed translucent gate.
  9625 | Bailey   | Found a runed translucent gate.
 10001 | Bailey   | Killed an orc warlord
 10099 | Bailey   | Reached XP level 12. HP: 85/85 MP: 12/12
 10302 | D:10     | Found a hide-covered altar of Uskayaw.
 10449 | D:10     | Found a sacrificial altar of Ru.
 10505 | D:10     | Found an ancient bone altar of Kikubaaqudgha.
 11755 | Lair:1   | Entered Level 1 of the Lair of Beasts
 13053 | Lair:2   | Reached skill level 15 in Unarmed Combat
 13228 | Lair:2   | Reached XP level 13. HP: 90/90 MP: 13/13
 13950 | Lair:2   | Found a hole to the Spider Nest.
 15094 | Lair:3   | Reached skill level 10 in Fighting
 15704 | Lair:3   | Found a staircase to the Shoals.
 15922 | Lair:3   | Reached XP level 14. HP: 101/101 MP: 14/14
 16947 | Lair:4   | Found a viscous altar of Jiyva.
 16948 | Lair:4   | Found a staircase to the Slime Pits.
 17401 | Lair:4   | Learned a level 5 spell: Yara's Violent Unravelling
 17410 | Lair:4   | Learned a level 8 spell: Maxwell's Capacitive Coupling
 17437 | Lair:5   | Entered Level 5 of the Lair of Beasts
 18325 | Lair:5   | Reached skill level 15 in Fighting
 18452 | Lair:5   | Found a corrupted altar of Lugonu.
 18452 | Lair:5   | Found a one-way gate to the infinite horrors of the Abyss.
 18457 | Lair:5   | Identified the ring of Fotacarph {Fly rF+ Will++ Int+4
                  | Slay-3}
 18850 | Lair:5   | Found an iron altar of Okawaru.
 18909 | Lair:5   | Identified the +0 quarterstaff "Wapeok" {vamp, rN++ Int-3
                  | SInv Stlth+}
 19279 | Lair:5   | Reached XP level 15. HP: 116/116 MP: 13/15
 19798 | D:8      | Noticed Jeremiah
 19821 | D:8      | Killed Jeremiah
 19878 | D:8      | Found a runed translucent gate.
 19878 | D:8      | Found a runed translucent gate.
 19878 | D:8      | Found a runed translucent gate.
 19878 | D:8      | Noticed sol123's ghost (novice GnSh)
 20032 | D:8      | Identified the +3 scale mail of the Shore {Str+3 Slay+3}
 20393 | D:8      | Killed sol123's ghost
 20595 | Orc:1    | Entered Level 1 of the Orcish Mines
 20651 | Orc:1    | Found a radiant altar of Vehumet.
 20729 | Orc:1    | Reached skill level 1 in Spellcasting
 21448 | Orc:2    | Entered Level 2 of the Orcish Mines
 21448 | Orc:2    | Found a staircase to the Elven Halls.
 21710 | Orc:2    | Reached skill level 10 in Dodging
 21712 | Orc:2    | Noticed an orc warlord
 21807 | Orc:2    | Killed an orc warlord
 22560 | Orc:2    | Found Qearuv's General Store.
 22565 | Orc:2    | Found Muxasid's Book Boutique.
 22568 | Orc:2    | Found Orumuud's Antique Armour Boutique.
 22568 | Orc:2    | Found Ynarores's Antique Weapon Shop.
 22616 | Orc:2    | Bought a book of Minor Magic for 224 gold pieces
 23162 | D:12     | Reached skill level 1 in Translocations
 23167 | D:12     | Reached skill level 5 in Spellcasting
 23167 | D:12     | Identified a scroll of acquirement
 24213 | D:13     | Found Yluoz's Antique Armour Shoppe.
 24802 | D:13     | Learned a level 4 spell: Manifold Assault
 24902 | D:14     | Found a glowing silver altar of Zin.
 24967 | D:14     | Reached XP level 16. HP: 122/122 MP: 25/25
 25332 | D:14     | Found a gate to the Vaults.
 25582 | D:14     | Reached skill level 5 in Translocations
 26366 | D:14     | Identified the +0 scale mail of Zacaog {Will+}
 27299 | D:14     | Found a gate to the Vaults.
 27513 | D:14     | Found a glowing silver altar of Zin.
 27850 | D:14     | Found a gate to the Vaults.
 28297 | D:14     | Found a glowing silver altar of Zin.
 28501 | D:15     | Entered Level 15 of the Dungeon
 28560 | D:15     | Found a staircase to the Depths.
 28986 | D:15     | Reached skill level 10 in Spellcasting
 29123 | D:15     | Found a runed translucent gate.
 29124 | D:15     | Found a runed translucent gate.
 29125 | D:15     | Found a runed translucent gate.
 29126 | D:15     | Noticed Saucecrufibb's ghost (journeyman DsBe)
 29602 | D:15     | Found an iron altar of Okawaru.
 29884 | D:9      | Killed PhillyD's ghost
 30084 | Elf:1    | Entered Level 1 of the Elven Halls
 30091 | Elf:1    | Reached XP level 17. HP: 115/115 MP: 15/32
 30755 | Elf:1    | Learned a level 4 spell: Passage of Golubria
 30758 | Elf:1    | Learned a level 2 spell: Blink
 30791 | Elf:1    | Reached skill level 1 in Alchemy
 30823 | Elf:1    | Reached skill level 1 in Hexes
 31361 | Elf:1    | Found Urghea's Antique Weapon Shop.
 31839 | Elf:1    | Acquired 754 gold pieces
 32791 | Elf:2    | Identified the serpent talisman of Precision Catastrophes
                  | {rN+ rCorr}
 32791 | Elf:2    | Noticed Aizul
 33162 | Elf:2    | Paralysed by an air elemental for 1 turns
 33284 | Elf:2    | Killed Aizul
 33285 | Elf:2    | Reached skill level 5 in Hexes
 33556 | Elf:2    | Noticed Norris
 33745 | Elf:2    | Found a huge runed translucent gate.
 33745 | Elf:2    | Found a huge runed translucent gate.
 33746 | Elf:2    | Found a huge runed translucent gate.
 33747 | Elf:2    | Found a huge runed translucent gate.
 33752 | Elf:2    | Found a huge runed translucent gate.
 33946 | Elf:2    | Killed Norris
 34750 | Elf:2    | Reached XP level 18. HP: 134/134 MP: 11/35
 35476 | Elf:3    | Entered Level 3 of the Elven Halls
 35553 | Elf:3    | Bought a potion of curing for 57 gold pieces
 35553 | Elf:3    | Bought a potion of invisibility for 152 gold pieces
 35553 | Elf:3    | Bought a potion of mutation for 152 gold pieces
 35553 | Elf:3    | Bought a potion of cancellation for 152 gold pieces
 35553 | Elf:3    | Bought a potion of cancellation for 152 gold pieces
 35553 | Elf:3    | Bought 2 potions of curing for 114 gold pieces
 35553 | Elf:3    | Bought a potion of curing for 57 gold pieces
 35605 | Elf:3    | Paralysed by an air elemental for 1 turns
 35608 | Elf:3    | Paralysed by an air elemental for 1 turns
 35616 | Elf:3    | Paralysed by an air elemental for 1 turns
 35620 | Elf:3    | Paralysed by an air elemental for 1 turns
 36252 | Elf:3    | Noticed a deep elf blademaster
 36838 | Spider:1 | Entered Level 1 of the Spider Nest
 37312 | Spider:1 | Reached skill level 15 in Spellcasting
 38638 | Shoals:1 | Entered Level 1 of the Shoals
 39495 | Shoals:1 | Found Xuebele's Distillery.
 39566 | Shoals:1 | Found Sokabu's Book Boutique.
 39727 | Shoals:1 | Bought a potion of curing for 48 gold pieces
 39727 | Shoals:1 | Bought a potion of curing for 48 gold pieces
 39727 | Shoals:1 | Bought a potion of curing for 48 gold pieces
 39727 | Shoals:1 | Bought a potion of curing for 48 gold pieces
 39727 | Shoals:1 | Bought a potion of curing for 48 gold pieces
 39727 | Shoals:1 | Bought a potion of resistance for 160 gold pieces
 40033 | Shoals:1 | Reached skill level 10 in Translocations
 41244 | Shoals:2 | Noticed Polyphemus
 42860 | Shoals:2 | Killed Polyphemus
 44235 | Shoals:3 | Reached XP level 19. HP: 134/141 MP: 38/38
 45865 | Shoals:4 | Entered Level 4 of the Shoals
 48298 | Shoals:4 | Identified the +3 glaive of the Blushing Ass {elec, rF+
                  | rCorr MP+9 Dex-5}
 50224 | Shoals:4 | Got a barnacled rune of Zot
 50245 | Shoals:4 | Found the +3 crown of Dyrovepreva {rElec Int+2 SInv}
 50268 | Shoals:4 | Identified the +1 cloak of Mueng {Int+3}
 50379 | Shoals:4 | Identified the +2 pair of boots of Good Intentions {Harm
                  | Fly rC+ Str+2}
 51810 | Spider:2 | You are sucked into a shaft and drop 1 floor!
 53222 | Spider:3 | Identified the +7 glaive "Luic Ece" {elec, Will+ Str-4
                  | Int+3}
 53460 | Spider:4 | Entered Level 4 of the Spider Nest
 54381 | Spider:4 | Reached XP level 20. HP: 152/152 MP: 4/39
 56338 | Spider:4 | Got a gossamer rune of Zot
 58757 | Elf:3    | Identified the +9 war axe "Mejycziedgh" {speed, rElec}
 58757 | Elf:3    | Identified the ring of the Moon {Fire rElec rN++ rCorr
                  | Dex-2}
 58898 | Elf:3    | Paralysed by an air elemental for 1 turns
 59045 | Elf:3    | Identified the ring "Ymeesh" {rF+ Dex+3}
 59141 | Elf:3    | Identified the +2 scimitar of Zotsaoj {venom, *Rage Str+3
                  | Dex+5}
 59353 | Elf:3    | Noticed a Brimstone Fiend
 59515 | Elf:3    | Identified the +9 orcbow of the Neverending Dances {elec,
                  | Int+3 Dex+7}
 59572 | Elf:3    | Got the Spellbook of Rocky Assaults
 60276 | Slime:1  | Entered Level 1 of the Pits of Slime
 60288 | Slime:1  | Gained mutation: One of your tentacles bears a spike. [a
                  | shining eye]
 61167 | Slime:2  | Gained mutation: Your body sometimes deteriorates upon
                  | taking damage. [a shining eye]
 61173 | Slime:2  | Gained mutation: Your body often deteriorates upon taking
                  | damage. [a shining eye]
 62039 | Slime:2  | Reached XP level 21. HP: 162/162 MP: 24/40
 63607 | Slime:3  | Gained mutation: You occasionally lose the ability to drink
                  | potions when taking damage. [a shining eye]
 63677 | Slime:3  | Gained mutation: You are clumsy. (Dex -2) [a shining eye]
 63680 | Slime:3  | Gained mutation: You sometimes lose your temper in combat.
                  | [a shining eye]
 63886 | Slime:2  | Lost mutation: You occasionally lose the ability to drink
                  | potions when taking damage. [potion of mutation]
 63886 | Slime:2  | Lost mutation: You are clumsy. (Dex -2) [potion of
                  | mutation]
 63886 | Slime:2  | Lost mutation: Your body often deteriorates upon taking
                  | damage. [potion of mutation]
 63886 | Slime:2  | Gained mutation: Your body often deteriorates upon taking
                  | damage. [potion of mutation]
 63886 | Slime:2  | Gained mutation: You have a pair of small antennae on your
                  | head. [potion of mutation]
 63887 | Slime:2  | Lost mutation: You have a pair of small antennae on your
                  | head. [potion of mutation]
 63887 | Slime:2  | Lost mutation: Your body often deteriorates upon taking
                  | damage. [potion of mutation]
 63887 | Slime:2  | Gained mutation: One of your tentacles bears a nasty spike.
                  | [potion of mutation]
 63888 | Slime:2  | Lost mutation: Your body sometimes deteriorates upon taking
                  | damage. [potion of mutation]
 63888 | Slime:2  | Lost mutation: One of your tentacles bears a nasty spike.
                  | [potion of mutation]
 63888 | Slime:2  | Gained mutation: Your magical capacity is low. (-10% MP)
                  | [potion of mutation]
 63889 | Slime:2  | Lost mutation: One of your tentacles bears a spike. [potion
                  | of mutation]
 63889 | Slime:2  | Lost mutation: Your magical capacity is low. (-10% MP)
                  | [potion of mutation]
 63889 | Slime:2  | Gained mutation: You occasionally lose the ability to drink
                  | potions when taking damage. [potion of mutation]
 63889 | Slime:2  | Gained mutation: Your flesh is heat resistant. (rF+)
                  | [potion of mutation]
 63889 | Slime:2  | Gained mutation: You are dopey. (Int -2) [potion of
                  | mutation]
 63889 | Slime:2  | Gained mutation: You have a pair of small antennae on your
                  | head. [potion of mutation]
 63890 | Slime:2  | Lost mutation: You are dopey. (Int -2) [potion of mutation]
 63890 | Slime:2  | Lost mutation: You occasionally lose the ability to drink
                  | potions when taking damage. [potion of mutation]
 63890 | Slime:2  | Lost mutation: You have a pair of small antennae on your
                  | head. [potion of mutation]
 63890 | Slime:2  | Gained mutation: One of your tentacles bears a spike.
                  | [potion of mutation]
 63890 | Slime:2  | Gained mutation: Your muscles are strong. (Str +4, Int/Dex
                  | -1) [potion of mutation]
 63890 | Slime:2  | Gained mutation: You have a pair of small antennae on your
                  | head. [potion of mutation]
 64867 | Slime:4  | Noticed Dissolution
 64876 | Slime:4  | Killed Dissolution
 64882 | Slime:4  | Gained mutation: You are frail. (-10% HP) [a shining eye]
 66966 | Slime:5  | Entered Level 5 of the Pits of Slime
 67152 | Slime:5  | Found the +5 scythe "Finisher" {speed, execute}
 67412 | Slime:5  | Noticed the Royal Jelly
 68410 | Slime:5  | Found a viscous altar of Jiyva.
 69040 | Vaults:1 | Entered Level 1 of the Vaults
 69877 | Vaults:1 | Reached XP level 22. HP: 61/153 MP: 11/41
 70108 | Vaults:1 | Found Senasaicw's Weapon Emporium.
 75021 | Vaults:3 | You are sucked into a shaft and drop 1 floor!
 75178 | Vaults:4 | Found a glowing golden altar of the Shining One.
 75179 | Vaults:4 | Found a white marble altar of Elyvilon.
 75189 | Vaults:4 | Found a crumbling gateway.
 75207 | Vaults:4 | Found a glowing silver altar of Zin.
 75233 | Desolati | Entered the Desolation of Salt
 76342 | Desolati | Got Muqaib Esuda's Notes on Zombies
 76345 | Desolati | Identified the +0 whip "Xojef" {heavy, rPois Str+4}
 76346 | Desolati | Identified the +0 pair of gloves "Plog" {Fly rCorr}
 76508 | Desolati | Got Kocworgha's Directory of the Venomous Chill
 76513 | Desolati | Identified the +1 crystal plate armour "Oloullae" {Harm
                  | Dex+2 SInv}
 76696 | Desolati | Got the Opusculum on the Charnel House
 77452 | Vaults:4 | Reached XP level 23. HP: 160/160 MP: 38/42
 77503 | Vaults:4 | Found Hopnajik's Armour Boutique.
 77506 | Vaults:4 | Noticed Boris
 77533 | Vaults:4 | Killed Boris
 78239 | Vaults:4 | Reached skill level 15 in Shapeshifting
 79397 | Vaults:4 | Identified the ring of Waklil {rC+ AC+4}
 79511 | Vaults:3 | Found Noififad's General Store.
 79516 | Vaults:3 | Bought a scroll of teleportation for 60 gold pieces
 79516 | Vaults:3 | Bought a potion of heal wounds for 100 gold pieces
 79516 | Vaults:3 | Bought a potion of haste for 200 gold pieces
 79516 | Vaults:3 | Bought a potion of resistance for 200 gold pieces
 79527 | Vaults:3 | Found a staircase to the Crypt.
 79527 | Vaults:3 | Found a basalt altar of Yredelemnul.
 79527 | Vaults:3 | Found an ancient bone altar of Kikubaaqudgha.
 80279 | Vaults:3 | Found Utzief's Book Emporium.
 80299 | Vaults:3 | Found Xifosh's Jewellery Shoppe.
 80404 | Vaults:3 | Bought the amulet "Sixaist" {rElec rN+ Regen+} for 867 gold
                  | pieces
 80449 | Vaults:3 | Found a runed translucent gate.
 80449 | Vaults:3 | Found a runed translucent gate.
 80449 | Vaults:3 | Found a runed translucent gate.
 80450 | Vaults:3 | Noticed Giudin's ghost (adept GnFi)
 80450 | Vaults:3 | Noticed Xihuodghy's ghost (adept MiBe)
 80700 | Vaults:3 | Noticed an ancient lich
 80728 | Vaults:3 | Killed an ancient lich
 81238 | Vaults:3 | Killed Giudin's ghost
 81259 | Vaults:3 | Killed Xihuodghy's ghost
 81267 | Vaults:3 | Identified the amulet "Laacsump" {Acrobat Rampage rC-
                  | Regen+}
 81354 | Vaults:3 | Found Xifosh's Jewellery Shoppe.
 81370 | Vaults:3 | Found Utzief's Book Emporium.
 81527 | Vaults:3 | Found Noififad's General Store.
 81634 | Vaults:3 | Found an ancient bone altar of Kikubaaqudgha.
 81695 | Vaults:3 | Found a staircase to the Crypt.
 81696 | Vaults:3 | Found a basalt altar of Yredelemnul.
 82116 | Vaults:3 | Bought a scroll of fear for 56 gold pieces
 82122 | Vaults:3 | Bought a scroll of torment for 399 gold pieces
 82126 | Vaults:3 | Bought a scroll of immolation for 84 gold pieces
 82126 | Vaults:3 | Bought a scroll of teleportation for 63 gold pieces
 82128 | Vaults:3 | Bought a potion of curing for 51 gold pieces
 82128 | Vaults:3 | Bought a potion of curing for 51 gold pieces
 82128 | Vaults:3 | Bought 2 potions of invisibility for 272 gold pieces
 82128 | Vaults:3 | Bought a potion of resistance for 170 gold pieces
 82128 | Vaults:3 | Bought a potion of brilliance for 68 gold pieces
 82128 | Vaults:3 | Bought a potion of heal wounds for 85 gold pieces
 82128 | Vaults:3 | Bought a potion of mutation for 136 gold pieces
 82653 | Slime:5  | Killed the Royal Jelly
 83216 | Slime:5  | Got the Volume of Aeromancy and Hyperthermia
 83219 | Slime:5  | Identified the +7 mace "Veudghi" {holy, Will++ Dex-2}
 83222 | Slime:5  | Got a slimy rune of Zot
 83228 | Slime:5  | Identified the +0 pair of boots of Nihilism {*Slow Dex+4}
 83381 | Slime:5  | Identified the ring of Xucygut {Fire rPois}
 83401 | Slime:5  | Identified the +10 hand axe "Dayt" {heavy, Int+6}
 83422 | Slime:5  | Identified the +0 scale mail of Restlessness {rElec rF-
                  | Dex+5}
 83838 | Shoals:1 | Bought a potion of haste for 160 gold pieces
 83838 | Shoals:1 | Bought a potion of brilliance for 64 gold pieces
 84165 | Vaults:5 | Entered Level 5 of the Vaults
 84379 | Vaults:5 | Reached XP level 24. HP: 170/170 MP: 14/42
 85695 | Vaults:5 | Found Naunanop's Jewellery Emporium.
 85832 | Vaults:5 | Noticed Bai Suzhen
 85833 | Vaults:5 | Identified the +3 hand axe of Wounding {protect, Dex+3}
 85932 | Vaults:5 | Noticed Xtahua
 85948 | Vaults:5 | Killed Xtahua
 86152 | Vaults:5 | Found Boskanu's Magic Scroll Emporium.
 86158 | Vaults:5 | Bought a scroll of blinking for 112 gold pieces
 86158 | Vaults:5 | Bought a scroll of immolation for 60 gold pieces
 86158 | Vaults:5 | Bought a scroll of teleportation for 45 gold pieces
 86158 | Vaults:5 | Bought 2 scrolls of blinking for 225 gold pieces
 86158 | Vaults:5 | Bought a scroll of teleportation for 45 gold pieces
 86224 | Vaults:5 | Identified the +2 leather armour "Pemmol Qesu" {Rampage rN+
                  | Str+2}
 86498 | Vaults:5 | Noticed an ancient lich
 86511 | Vaults:5 | Killed an ancient lich
 87504 | Vaults:5 | Found Zehaem's Magic Scroll Shop.
 87509 | Vaults:5 | Bought a scroll of immolation for 80 gold pieces
 87509 | Vaults:5 | Bought a scroll of fog for 80 gold pieces
 87607 | Vaults:5 | Got a silver rune of Zot
 88005 | Vaults:5 | Killed Bai Suzhen
 88650 | Depths:1 | Entered Level 1 of the Depths
 89008 | D:15     | Killed Saucecrufibb's ghost
 89261 | Depths:1 | Reached XP level 25. HP: 146/175 MP: 5/42
 90225 | Depths:1 | Found Pammueh's Assorted Antiques.
 90225 | Depths:1 | Found Ysemapn's Distillery.
 90228 | Depths:1 | Found Ezet's Antique Weapon Shoppe.
 90234 | Depths:1 | Bought a potion of mutation for 216 gold pieces
 90234 | Depths:1 | Bought a scroll of teleportation for 81 gold pieces
 90234 | Depths:1 | Bought a scroll of blinking for 202 gold pieces
 90236 | Depths:1 | Bought a potion of brilliance for 68 gold pieces
 90236 | Depths:1 | Bought a potion of might for 68 gold pieces
 90236 | Depths:1 | Bought a potion of magic for 136 gold pieces
 90236 | Depths:1 | Bought a potion of brilliance for 68 gold pieces
 90236 | Depths:1 | Bought a potion of invisibility for 136 gold pieces
 90458 | Depths:1 | Noticed Margery
 90465 | Depths:1 | Killed Margery
 90633 | Depths:1 | Found a gateway to Hell.
 91395 | Depths:1 | Found a blossoming altar of Fedhas.
 91781 | Depths:2 | Found a one-way gateway to a ziggurat.
 92351 | Depths:2 | Found a glowing golden altar of the Shining One.
 92424 | Depths:2 | Found a one-way gate leading to the halls of Pandemonium.
 93649 | Depths:3 | Identified the ring "Vadgha" {rPois Will+ Dex+2 Stlth+}
 93944 | Depths:3 | Identified the +3 hand axe of Mudoucao {flame, rN+ Int+3}
 93946 | Depths:3 | Identified the ring "Kotwep" {rPois rF++ rN+ rCorr}
 93975 | Depths:3 | Found a glowing silver altar of Zin.
 94578 | Depths:3 | Found a stormy altar of Qazlal.
 94874 | Depths:4 | Entered Level 4 of the Depths
 97197 | Depths:4 | Reached XP level 26. HP: 182/182 MP: 3/42
 97422 | Depths:4 | Found a gate to the Realm of Zot.
 98261 | Crypt:1  | Entered Level 1 of the Crypt
100833 | Crypt:3  | Entered Level 3 of the Crypt
100898 | Crypt:3  | Noticed Sojobo
101128 | Crypt:3  | Killed Sojobo
101138 | Crypt:3  | Identified the +5 ring mail "Ocoqyos" {rC+}
102014 | Crypt:3  | Found a staircase to the Tomb.
102156 | Crypt:3  | Noticed an ancient lich
102327 | Crypt:3  | Killed an ancient lich
102438 | Crypt:3  | Noticed a dread lich
102606 | Crypt:3  | Killed a dread lich
102614 | Crypt:3  | Got the Anthology of the Mausoleum
102667 | Crypt:3  | Identified the staff of Neromn {Dex+3 Earth}
102670 | Crypt:3  | Identified the +4 falchion "Siypnudu" {flame, *Rage *Noise
                  | Str+3 Int+8}
102942 | Pan      | Entered Pandemonium
103104 | Pan      | Found a white marble altar of Elyvilon.
103235 | Pan      | Acquired 1119 gold pieces
103549 | Pan      | Found a glowing silver altar of Zin.
104105 | Pan      | Identified the +6 tower shield of Ontoot {rC+}
104621 | Pan      | Reached XP level 27. HP: 189/189 MP: 13/43
104810 | Pan      | Noticed a seraph
104822 | Pan      | Killed a seraph
104855 | Pan      | Found a glowing golden altar of the Shining One.
105016 | Pan      | Got a demonic rune of Zot
105019 | Pan      | Got the Catalogue of Spatial Synthesis
105020 | Pan      | Identified the +1 glaive of Scuffed Watchfulness {freeze,
                  | rN+ Int+2}
105029 | Pan      | Got Benismuq's Spellbook of Translocation and Orogeny
105595 | Pan      | Identified the +0 tower shield of the Hidden Vale {rElec
                  | Dex+3}
105729 | Pan      | Identified the +8 tower shield "Puamyeco" {Str+4}
107354 | Pan      | Noticed Nohy the pandemonium lord
107368 | Pan      | Killed Nohy the pandemonium lord
108118 | Pan      | Found a transporter.
108492 | Pan      | Identified the +9 rapier "Goampuho" {antimagic, rPois rF+}
108492 | Pan      | Identified the ring of Fuporez {rElec rF- MP+9 Stlth+}
108594 | Pan      | Found a transporter.
108912 | Pan      | Found an exit through the horrors of the Abyss.
109646 | Pan      | Noticed Niwokipt the pandemonium lord
109651 | Pan      | Killed Niwokipt the pandemonium lord
111255 | Pan      | Identified the +0 ring mail of Recklessness {Int+8}
111516 | Pan      | Entered the realm of Lom Lobon.
111516 | Pan      | Noticed Lom Lobon
111541 | Pan      | Killed Lom Lobon
111962 | Pan      | Got a magical rune of Zot
112665 | Pan      | Found an exit through the horrors of the Abyss.
113622 | Pan      | Noticed Yprotubb the pandemonium lord
113645 | Pan      | Killed Yprotubb the pandemonium lord
113687 | Pan      | Noticed Mennas
113708 | Pan      | Killed Mennas
114853 | Pan      | Noticed Sifirgh the pandemonium lord
114873 | Pan      | Killed Sifirgh the pandemonium lord
116083 | Pan      | Noticed Unaum the pandemonium lord
116477 | Pan      | Killed Unaum the pandemonium lord
116612 | Pan      | Found an exit through the horrors of the Abyss.
117616 | Pan      | Noticed Nisugub the pandemonium lord
117632 | Pan      | Killed Nisugub the pandemonium lord
117633 | Pan      | Reached skill level 27 in Fighting
117635 | Pan      | Reached skill level 27 in Unarmed Combat
117644 | Pan      | Reached skill level 1 in Air Magic
118026 | Pan      | Identified the +7 trident of Daruihak {freeze, *Corrode rF+
                  | Stlth+}
118580 | Pan      | Noticed Etziloemn the pandemonium lord
118590 | Pan      | Killed Etziloemn the pandemonium lord
118684 | Pan      | Reached skill level 5 in Air Magic
118759 | Pan      | Found an exit through the horrors of the Abyss.
119788 | Pan      | Noticed Ignacio
119797 | Pan      | Killed Ignacio
120050 | Pan      | Identified the +4 flail of Licysoj {spect, Will- rCorr
                  | Dex+7 Stlth+}
120462 | Pan      | Noticed Caef the pandemonium lord
120465 | Pan      | Killed Caef the pandemonium lord
120474 | Pan      | Entered the realm of Gloorx Vloq.
121035 | Pan      | Noticed Gloorx Vloq
121045 | Pan      | Killed Gloorx Vloq
121265 | Pan      | Got a dark rune of Zot
121277 | Pan      | Identified the +8 dire flail of Niuticla {chaos, rN+}
121283 | Pan      | Acquired a book of the Warp
121840 | Pan      | Entered the realm of Mnoleg.
121987 | Pan      | Found an exit through the horrors of the Abyss.
122709 | Pan      | Identified the +10 halberd "Uczul" {heavy, rF+ rN+++ Will-
                  | rCorr}
123053 | Pan      | Noticed Mnoleg
123094 | Pan      | Killed Mnoleg
123288 | Pan      | Got a glowing rune of Zot
124240 | Pan      | Gained mutation: Potions are less effective at restoring
                  | your health. [a cacodemon]
124280 | Pan      | Reached skill level 15 in Dodging
125471 | Pan      | Noticed Eserus the pandemonium lord
125481 | Pan      | Killed Eserus the pandemonium lord
125646 | Pan      | Identified the +2 pair of boots of an ossuary {^Drain rC++
                  | rN+ MP+9}
125935 | Pan      | Lost mutation: You have a pair of small antennae on your
                  | head. [potion of mutation]
125935 | Pan      | Lost mutation: Your flesh is heat resistant. (rF+) [potion
                  | of mutation]
125935 | Pan      | Lost mutation: Potions are less effective at restoring your
                  | health. [potion of mutation]
125936 | Pan      | Lost mutation: You are frail. (-10% HP) [potion of
                  | mutation]
125936 | Pan      | Lost mutation: One of your tentacles bears a spike. [potion
                  | of mutation]
125936 | Pan      | Gained mutation: Your flesh is heat resistant. (rF+)
                  | [potion of mutation]
125946 | Pan      | Entered the realm of Cerebov.
126109 | Pan      | Identified the +1 long sword of Suplast {drain, ^Drain
                  | Int+7 Dex+6}
126515 | Pan      | Found the +6 sword of Cerebov {flame}
126515 | Pan      | Noticed Cerebov
126561 | Pan      | Killed Cerebov
126616 | Pan      | Identified the ring "Baid Adgh" {rElec rPois rN+ rCorr}
126794 | Pan      | Identified the +3 trident of Tension {venom, *Corrode rF++}
126797 | Pan      | Identified the +4 trident of Zeunyeng {flame, *Rage rC+ rN+
                  | Dex+5}
126895 | Pan      | Got the Lectures on Attacks
126915 | Pan      | Got the Tome of the Allied Lungs
126916 | Pan      | Identified the amulet "Seff" {Spirit rCorr}
126918 | Pan      | Identified the +2 battleaxe "Giantbane" {heavy, +Blink Fly
                  | Str+4}
126936 | Pan      | Identified the staff of Fate {^Drain rN+ Will++ Summ Necro}
126953 | Pan      | Got a fiery rune of Zot
127791 | Pan      | Found an exit through the horrors of the Abyss.
128297 | Pan      | Noticed Nadu the pandemonium lord
128317 | Pan      | Killed Nadu the pandemonium lord
128536 | Pan      | Found an exit through the horrors of the Abyss.
129090 | Pan      | Noticed Pipuof the pandemonium lord
129109 | Pan      | Killed Pipuof the pandemonium lord
130225 | Pan      | Noticed Pagehait the pandemonium lord
130240 | Pan      | Killed Pagehait the pandemonium lord
130631 | Pan      | Found an exit through the horrors of the Abyss.
131118 | Depths:2 | Escaped Pandemonium
131122 | Depths:2 | Bought a scroll of acquirement for 572 gold pieces
131122 | Depths:2 | Bought a scroll of teleportation for 33 gold pieces
131124 | Depths:2 | Acquired 894 gold pieces
131291 | Vaults:3 | Bought a book of Ice for 1000 gold pieces
131458 | Pan      | Entered Pandemonium
131479 | Pan      | Reached skill level 1 in Ice Magic
132181 | Pan      | Noticed Qoutav the pandemonium lord
132201 | Pan      | Killed Qoutav the pandemonium lord
132669 | Pan      | Found an exit through the horrors of the Abyss.
132846 | Pan      | Found a transporter.
132933 | Pan      | Reached skill level 5 in Ice Magic
133216 | Pan      | Found a transporter.
133518 | Pan      | Found an exit through the horrors of the Abyss.
133689 | Pan      | Noticed Qufraihu the pandemonium lord
133704 | Pan      | Killed Qufraihu the pandemonium lord
134398 | Pan      | Found an exit through the horrors of the Abyss.
134823 | Pan      | Noticed Gyicw the pandemonium lord
134851 | Pan      | Killed Gyicw the pandemonium lord
136294 | Pan      | Noticed Huxzany the pandemonium lord
136302 | Abyss:5  | Cast into level 5 of the Abyss (Huxzany)
136325 | Abyss:5  | Reached skill level 10 in Ice Magic
136466 | Abyss:5  | Got an abyssal rune of Zot
136567 | Pan      | Escaped the Abyss
136593 | Pan      | Killed Huxzany the pandemonium lord
137580 | Pan      | Found an exit through the horrors of the Abyss.
137911 | Pan      | Noticed Zown the pandemonium lord
137937 | Pan      | Killed Zown the pandemonium lord
138069 | Pan      | Got the Essays on Enchanting Apparitions
138373 | Pan      | Found an exit through the horrors of the Abyss.
138836 | Pan      | Acquired the ring of Olaon {rN+ Will+ rCorr Int-2 Slay+2
                  | SInv}
139052 | Pan      | Noticed Lugoawn the pandemonium lord
139402 | Pan      | Killed Lugoawn the pandemonium lord
139756 | Pan      | Found an exit through the horrors of the Abyss.
139846 | Pan      | Learned a level 9 spell: Polar Vortex
140010 | Pan      | Found an opulent altar of Gozag.
140010 | Pan      | Found Kalung's Exquisite Manuscripts.
140020 | Pan      | Reached skill level 27 in Spellcasting
140036 | Pan      | Found Kalung's Book Emporium.
140060 | Pan      | Found an opulent altar of Gozag.
140060 | Pan      | Noticed a dread lich
140068 | Pan      | Noticed Kalung the pandemonium lord
140074 | Pan      | Found Kalung's Infernal Boutique.
140076 | Pan      | Killed a dread lich
140096 | Pan      | Killed Kalung the pandemonium lord
140102 | Pan      | Found Kalung's Rarities Hoard.
140122 | Pan      | Found an opulent altar of Gozag.
140140 | Pan      | Reached skill level 15 in Ice Magic
140319 | Pan      | Bought 2 scrolls of teleportation for 72 gold pieces
140319 | Pan      | Bought a scroll of acquirement for 624 gold pieces
140319 | Pan      | Bought 2 scrolls of blinking for 180 gold pieces
140319 | Pan      | Bought a scroll of blinking for 90 gold pieces
140319 | Pan      | Bought a scroll of teleportation for 36 gold pieces
140319 | Pan      | Bought 2 scrolls of blinking for 180 gold pieces
140321 | Pan      | Acquired the orb "Waocs" {*channel, Earth}
140400 | Pan      | Bought the ring of Beogh's Displeasure {*Slow rN++ EV+5
                  | Str+3} for 921 gold pieces
140400 | Pan      | Bought the ring "Eleisole" {rN+ Str+3 Int+2 Slay+4} for
                  | 1694 gold pieces
140400 | Pan      | Bought the ring "Mohetiot" {Wiz rPois rF+ Slay+2} for 962
                  | gold pieces
140816 | Pan      | Noticed Amor the pandemonium lord
140829 | Pan      | Killed Amor the pandemonium lord
141214 | Pan      | Found an exit through the horrors of the Abyss.
141882 | Pan      | Noticed Befys the pandemonium lord
141905 | Pan      | HP: 9/224 [Befys the pandemonium lord/living lightning (6)]
141906 | Pan      | Identified the +4 ring mail "Mootz" {Dex+5}
142184 | Pan      | Learned a level 4 spell: Vhi's Electric Charge
142847 | Pan      | Noticed Microdipp the pandemonium lord
142852 | Pan      | Killed Microdipp the pandemonium lord
143339 | Pan      | Noticed Dadwyrch the pandemonium lord
143503 | Pan      | Killed Dadwyrch the pandemonium lord
143532 | Pan      | Found an exit through the horrors of the Abyss.
144274 | Pan      | Found a transporter.
144719 | Pan      | Found a transporter.
144861 | Pan      | Acquired 838 gold pieces
145331 | Pan      | Identified the ring of Tocverau {rElec MP+9 AC+4 Str+4
                  | Dex-4}
145347 | Pan      | Identified the ring "Vuhelem" {Fire rElec rCorr Int-4
                  | Dex+3}
145357 | Pan      | Identified the staff of Painful Death {rPois rN+ Int+3
                  | Necro}
145615 | Pan      | Found a runed translucent door.
145617 | Pan      | Found an exit through the horrors of the Abyss.
146266 | Pan      | Noticed Xeott the pandemonium lord
146298 | Pan      | Killed Xeott the pandemonium lord
147129 | Pan      | Found an exit through the horrors of the Abyss.
147284 | Pan      | Noticed Sinut the pandemonium lord
147305 | Pan      | Killed Sinut the pandemonium lord
147860 | Pan      | Noticed Qaiwk the pandemonium lord
147875 | Pan      | Killed Qaiwk the pandemonium lord
148115 | Pan      | Identified the +5 flail of Fortitude {spect, Dex+6}
148902 | Pan      | Noticed Lalahic the pandemonium lord
149056 | Pan      | Killed Lalahic the pandemonium lord
149208 | Pan      | Found an exit through the horrors of the Abyss.
149862 | Pan      | Found an exit through the horrors of the Abyss.
150578 | Pan      | Identified the +0 hat "Oruiddul" {Regen+}
150591 | Pan      | Noticed Bomapoza the pandemonium lord
150608 | Pan      | Killed Bomapoza the pandemonium lord
150746 | Pan      | Identified the +7 short sword of Makhleb's Inspiration
                  | {flame, rElec rF+}
152113 | Pan      | Noticed Bycwyamp the pandemonium lord
152127 | Pan      | Killed Bycwyamp the pandemonium lord
152284 | Pan      | Reached skill level 27 in Ice Magic
152299 | Pan      | Reached skill level 1 in Evocations
153056 | Pan      | Noticed Padoggic the pandemonium lord
153087 | Pan      | Killed Padoggic the pandemonium lord
153893 | Pan      | Reached skill level 5 in Evocations
153933 | Pan      | Found an exit through the horrors of the Abyss.
154852 | Pan      | Noticed Hojoat the pandemonium lord
154862 | Pan      | Killed Hojoat the pandemonium lord
156330 | Pan      | Found an exit through the horrors of the Abyss.
156462 | Pan      | Found a runed translucent door.
156678 | Pan      | Reached skill level 15 in Translocations
156975 | Pan      | Noticed Erusch the pandemonium lord
156984 | Pan      | Killed Erusch the pandemonium lord
157232 | Pan      | Noticed Suuph the pandemonium lord
157247 | Pan      | Killed Suuph the pandemonium lord
158057 | Pan      | Found a runed translucent door.
158154 | Pan      | Found a runed translucent door.
158166 | Pan      | Found a runed translucent door.
158166 | Pan      | Found a runed translucent door.
158180 | Pan      | Noticed Nouthog the pandemonium lord
158355 | Pan      | Reached skill level 10 in Evocations
158911 | Pan      | Killed Nouthog the pandemonium lord
159012 | Pan      | Identified the +10 falchion "Vimmien" {vamp, rPois rN+
                  | rCorr}
159058 | Pan      | Noticed Opuotil the pandemonium lord
159063 | Pan      | Killed Opuotil the pandemonium lord
160330 | Pan      | Noticed Wohucox the pandemonium lord
160348 | Pan      | Killed Wohucox the pandemonium lord
160743 | Pan      | Found an exit through the horrors of the Abyss.
161040 | Pan      | Took an exit into the Abyss.
161040 | Abyss:5  | Escaped into the Abyss
161053 | Abyss:5  | Noticed an ancient lich
161060 | Abyss:5  | Killed an ancient lich
161145 | Depths:2 | Escaped the Abyss
161397 | Tomb:1   | Entered Level 1 of the Tomb of the Ancients
162174 | Tomb:1   | Noticed a royal mummy
162195 | Tomb:1   | Noticed a royal mummy
162205 | Tomb:1   | Noticed a royal mummy
162207 | Tomb:1   | Killed a royal mummy
162209 | Tomb:1   | Noticed a royal mummy
162210 | Tomb:1   | Noticed a royal mummy
162212 | Tomb:1   | Paralysed by a Zot trap for 2 turns
162217 | Tomb:1   | Killed a royal mummy
162218 | Tomb:1   | Killed a royal mummy
162219 | Tomb:1   | Killed a royal mummy
163069 | Tomb:2   | Noticed a royal mummy
163069 | Tomb:2   | Noticed a royal mummy
163070 | Tomb:2   | Noticed a royal mummy
163077 | Tomb:2   | Noticed a royal mummy
163084 | Tomb:2   | Noticed a royal mummy
163086 | Tomb:2   | Killed a royal mummy
163087 | Tomb:2   | Killed a royal mummy
163091 | Tomb:2   | Killed a royal mummy
163099 | Tomb:2   | Killed a royal mummy
163108 | Tomb:2   | Killed a royal mummy
163201 | Tomb:2   | Reached skill level 15 in Evocations
163809 | Tomb:1   | Noticed a royal mummy
163809 | Tomb:1   | Noticed a royal mummy
163811 | Tomb:1   | Noticed a royal mummy
163816 | Tomb:1   | Noticed a royal mummy
163818 | Tomb:1   | Killed a royal mummy
163822 | Tomb:1   | Killed a royal mummy
163827 | Tomb:1   | Killed a royal mummy
163833 | Tomb:1   | Killed a royal mummy
163838 | Tomb:1   | Killed a royal mummy
163956 | Tomb:1   | Noticed a royal mummy
163964 | Tomb:1   | Killed a royal mummy
163984 | Tomb:1   | Noticed a royal mummy
163993 | Tomb:1   | Killed a royal mummy
164005 | Tomb:1   | Noticed a royal mummy
164010 | Tomb:1   | Killed a royal mummy
164112 | Tomb:1   | Noticed a royal mummy
164123 | Tomb:1   | Killed a royal mummy
164137 | Tomb:1   | Noticed a royal mummy
164142 | Tomb:1   | Killed a royal mummy
164212 | Tomb:1   | Noticed a royal mummy
164223 | Tomb:1   | Killed a royal mummy
164228 | Tomb:1   | Noticed a royal mummy
164233 | Tomb:1   | Killed a royal mummy
164236 | Tomb:1   | Noticed a royal mummy
164246 | Tomb:1   | Noticed a royal mummy
164248 | Tomb:1   | Killed a royal mummy
164251 | Tomb:1   | Killed a royal mummy
164258 | Tomb:1   | Noticed a royal mummy
164258 | Tomb:1   | Noticed a royal mummy
164259 | Tomb:1   | Noticed a royal mummy
164260 | Tomb:1   | Noticed a royal mummy
164262 | Tomb:1   | Noticed a royal mummy
164265 | Tomb:1   | Killed a royal mummy
164269 | Tomb:1   | Killed a royal mummy
164275 | Tomb:1   | Killed a royal mummy
164277 | Tomb:1   | Killed a royal mummy
164289 | Tomb:1   | Killed a royal mummy
164848 | Tomb:3   | Entered Level 3 of the Tomb of the Ancients
164859 | Tomb:3   | Noticed a royal mummy
164874 | Tomb:3   | Noticed a royal mummy
164880 | Tomb:3   | Killed a royal mummy
164881 | Tomb:3   | Noticed a royal mummy
164881 | Tomb:3   | Noticed a royal mummy
164886 | Tomb:3   | Noticed a royal mummy
164887 | Tomb:3   | Noticed a royal mummy
164887 | Tomb:3   | Noticed a royal mummy
164889 | Tomb:3   | Noticed a royal mummy
164892 | Tomb:3   | Killed a royal mummy
164892 | Tomb:3   | Killed a royal mummy
164893 | Tomb:3   | Killed a royal mummy
164897 | Tomb:3   | Killed a royal mummy
164907 | Tomb:3   | Killed a royal mummy
164913 | Tomb:3   | Killed a royal mummy
164915 | Tomb:3   | Killed a royal mummy
165219 | Tomb:3   | Got a golden rune of Zot
165260 | Tomb:3   | Found the +7 Spriggan's Knife {stab, EV+4 Stlth+}
165267 | Tomb:3   | Identified the ring of Equivalence {rN+ Int+3}
165268 | Tomb:3   | Identified the +4 mace of Crawling {speed, rF+ Str+6}
165288 | Tomb:3   | Identified the ring of Tisad {rN+ rCorr Dex+2}
165294 | Tomb:3   | Got the Precepts of the Thirteen Eyes
165322 | Tomb:3   | Identified the +1 hand axe of Eternal Harmony {freeze,
                  | rElec rN+}
166012 | Hell     | Entered the Vestibule of Hell
166012 | Hell     | Noticed Geryon
166025 | Hell     | Killed Geryon
166038 | Hell     | Reached skill level 27 in Shapeshifting
166450 | Hell     | Found a gateway to the Iron City of Dis.
166491 | Hell     | Found a gateway to the ashen valley of Gehenna.
166636 | Hell     | Found a gateway to the decaying netherworld of Tartarus.
166686 | Hell     | Found a gateway to the freezing wastes of Cocytus.
166820 | Geh:1    | Entered Level 1 of Gehenna
167427 | Geh:2    | Noticed a dread lich
167434 | Geh:2    | Killed a dread lich
167618 | Geh:2    | Noticed a dread lich
167620 | Geh:2    | Killed a dread lich
167658 | Geh:2    | Noticed a dread lich
167664 | Geh:2    | Killed a dread lich
167839 | Geh:2    | Noticed a dread lich
167841 | Geh:2    | Killed a dread lich
168622 | Geh:4    | You are sucked into a shaft and drop 2 floors!
169161 | Geh:6    | Reached skill level 5 in Stealth
169416 | Geh:7    | Entered Level 7 of Gehenna
170653 | Geh:7    | Identified the +1 battleaxe of Futuristic Courage {drain,
                  | rPois rC+ Str+4 Int-4}
171528 | Geh:7    | Found the +13 sceptre of Asmodeus
171528 | Geh:7    | Noticed Asmodeus
171548 | Geh:7    | Killed Asmodeus
171718 | Geh:7    | Reached skill level 10 in Stealth
171801 | Geh:7    | Got an obsidian rune of Zot
172288 | Geh:7    | Identified the +11 mace of Nemelex Xobeh, Sharing {protect,
                  | Str+3 Dex+3}
172661 | Coc:1    | Entered Level 1 of Cocytus
176430 | Coc:7    | Entered Level 7 of Cocytus
176436 | Coc:7    | Reached skill level 15 in Stealth
177344 | Coc:7    | Noticed Antaeus
177865 | Coc:7    | Killed Antaeus
177997 | Coc:7    | Got an icy rune of Zot
178336 | Coc:7    | Identified the +1 dire flail "Juh Rem" {heavy, Dex+4}
178338 | Coc:7    | Identified the +5 halberd "Nenieri" {flame, Dex+3}
178907 | Dis:1    | Entered Level 1 of the Iron City of Dis
179919 | Dis:3    | Noticed an ancient lich
179925 | Dis:3    | Killed an ancient lich
181135 | Dis:4    | You are sucked into a shaft and drop 2 floors!
181572 | Dis:7    | Entered Level 7 of the Iron City of Dis
183020 | Dis:7    | Noticed a juggernaut
183027 | Dis:7    | Killed a juggernaut
183028 | Dis:7    | Noticed a juggernaut
183083 | Dis:7    | Killed a juggernaut
183873 | Dis:7    | Reached skill level 27 in Evocations
184594 | Dis:7    | Noticed a juggernaut
184608 | Dis:7    | Killed a juggernaut
184610 | Dis:7    | Noticed Dispater
184624 | Dis:7    | Killed Dispater
184724 | Dis:7    | Found the +3 giant club "Skullcrusher" {speed, Str+7}
184749 | Dis:7    | Got an iron rune of Zot
184750 | Dis:7    | Identified the amulet "Nuosiy Beajy" {-Tele Regen+ Str+2
                  | Dex+3 Stlth+}
184751 | Dis:7    | Identified the +5 longbow of Mikasosm {drain, Int+2}
186485 | Tar:1    | Entered Level 1 of Tartarus
187182 | Tar:2    | You are sucked into a shaft and drop 2 floors!
188807 | Tar:7    | Entered Level 7 of Tartarus
189411 | Tar:7    | Noticed an ancient lich
189417 | Tar:7    | Killed an ancient lich
189529 | Tar:7    | Noticed the Serpent of Hell
189535 | Tar:7    | Killed the Serpent of Hell
189676 | Tar:7    | Noticed an ancient lich
189680 | Tar:7    | Killed an ancient lich
190071 | Tar:7    | Noticed Ereshkigal
190093 | Tar:7    | Killed Ereshkigal
190282 | Tar:7    | Got a bone rune of Zot
190395 | Tar:7    | Noticed an ancient lich
190401 | Tar:7    | Killed an ancient lich
190479 | Tar:7    | Identified the staff of Gravity {rElec rC+ Air}
190489 | Tar:7    | Found the +8 pair of quick blades "Gyre" and "Gimble"
                  | {protect}
191151 | Tar:7    | Identified the staff of Bloody Death {rElec Str+3 Fire Air}
191469 | Tar:7    | Identified the +8 flail of Magnificence {venom, Fly Int+2
                  | Stlth+}
191543 | Tar:7    | Identified the ring "Mupruem" {rC+ Will+}
191791 | Tar:7    | Identified the +4 short sword "Wasoschu" {flame, Dex+2
                  | SInv}
191792 | Tar:7    | Identified the +5 great sword "Owkal" {antimagic, rF++}
191969 | Zot:1    | Entered Level 1 of the Realm of Zot
192149 | Zot:1    | Reached skill level 27 in Stealth
192647 | Zot:1    | Found the +4 dragonskin cloak
192647 | Zot:1    | Noticed Tiamat
192677 | Zot:1    | Killed Tiamat
194762 | Zot:3    | Reached skill level 27 in Dodging
195340 | Zot:3    | Found a runed translucent door.
195342 | Zot:3    | Noticed Plog's ghost (master TrFi)
196121 | Zot:3    | Killed Plog's ghost
196399 | Zot:4    | Reached skill level 10 in Hexes
196730 | Zot:4    | Identified the ring of Sin {rC+ SInv}
197198 | Zot:4    | Noticed an orb of fire
197211 | Zot:4    | Killed an orb of fire
197575 | Zot:5    | Entered Level 5 of the Realm of Zot
198189 | Zot:5    | Identified the +6 short sword of Ofalul {vamp, rC- Dex+4}
198618 | Zot:5    | Noticed an orb of fire
198623 | Zot:5    | Noticed an orb of fire
198625 | Zot:5    | Noticed an ancient lich
198626 | Zot:5    | Killed an orb of fire
198626 | Zot:5    | Killed an orb of fire
198628 | Zot:5    | Killed an ancient lich
198644 | Zot:5    | Reached skill level 15 in Hexes
198654 | Zot:5    | Noticed an orb of fire
198661 | Zot:5    | Noticed an ancient lich
198663 | Zot:5    | Killed an orb of fire
198665 | Zot:5    | Killed an ancient lich
198681 | Zot:5    | Noticed a dread lich
198684 | Zot:5    | Noticed a dread lich
198692 | Zot:5    | Killed a dread lich
198694 | Zot:5    | Killed a dread lich
199349 | Zot:5    | Got the Orb of Zot
199971 | D:$      | Escaped with the Orb!

Illustrated notes

Levels and vault maps discovered:
D:1:      minmay_arrival_diagonal_passages, layout_rooms, kennysheep_crisscross
D:2:      layout_basic, grunt_ministairs_11
D:3:      layout_rooms, elyvilon_altar_4, serial_park_tiny_2, amethyst_killhole,
          minmay_pentangle
D:4:      layout_basic, serial_shops, nicolae_take_the_stairs, serial_curves,
          eino_curves_04, eino_curves_02, eino_curves_04,
          nicolae_shop_firing_range
D:5:      layout_cave_pools, minmay_temple_entry_tees, serial_shops, shop,
          minmay_misc_feat_encased, uniq_ijyb
D:6:      layout_gridville, serial_shops, shop, uniq_sigmund
D:7:      layout_rooms, serial_shops, shop, minmay_misc_feat_iff, uniq_pikel,
          uniq_duvessa
D:8:      layout_basic, ebering_ghost_rock_garden, nicolae_doodle_vault,
          uniq_psyche, uniq_jeremiah
D:9:      layout_loops_corners, hellmonk_lair_entry_icy, nzn_ghost_randoct,
          uniq_joseph
D:10:     layout_gridville, nicolae_ru_the_path_less_chosen,
          mainiacjoe_overflow_swirl, orc_0_dummy, enter_bailey_4,
          nicolae_two_hexagons
D:11:     layout_long_grid, serial_bayou_pond_e
D:12:     layout_grid_maze
D:13:     erik_rubicon_b, layout_irregular_city, serial_shops,
          nicolae_shop_waterfront, minmay_fractal_squares_diagonal_5
D:14:     dreamdust_under_siege, layout_long_grid,
          lightli_vaults_fourway_checkpoint, lightli_church_of_beogh
D:15:     grunt_enter_depths_snipers, layout_loops_ring,
          gammafunk_ghost_fury_of_okawaru, corexii_leaking_fountain,
          nicolae_twisty_statue_hallways
Temple:   nicolae_temple_no_exploring_needed
Lair:1:   layout_cellular_growth, dreamdust_deal_with_the_devil
Lair:2:   layout_cave_pods, hellmonk_spider_entry_life_and_decay,
          chequers_serial_rivers_room_b, grunt_megastairs_1
Lair:3:   layout_regular_city, elwin_shoals_entry_rocks, kennysheep_rathole
Lair:4:   layout_roguey, slime_entry_2, serial_bayou_shore_b,
          grunt_megastairs_5, lemuel_fruit_fields
Lair:5:   hellmonk_lair_end_abyssal_woods, layout_regular_city, basic_altar,
          chequers_serial_rivers_micro_b
Shoals:1: layout_shoals, serial_shops, nicolae_shop_tiny_statue_garden, shop,
          nicolae_shoals_nymph_descending_staircase
Shoals:2: layout_shoals, uniq_polyphemus
Shoals:3: layout_shoals
Shoals:4: shoals_end_hangedman, layout_shoals, nicolae_shoals_kraken_party
Spider:1: layout_cave_pods
Spider:2: layout_spider_delve
Spider:3: layout_cave_pods, hangedman_spider_tarantella_strand,
          nicolae_spider_cling_halls
Spider:4: grunt_spider_rune_parallel
Slime:1:  layout_caves
Slime:2:  layout_caves
Slime:3:  nicolae_slime_infinislime, layout_caves,
          nicolae_slime_getting_an_eyeful
Slime:4:  nicolae_slime_pool, layout_caves, dissolution_awaits
Slime:5:  slime_pit_nicolae_jellycorners
Orc:1:    cheibrodos_orc_guarddog, layout_diamond_mine, basic_altar,
          nooodl_orcs_dogs
Orc:2:    st_orc_congregation, layout_diamond_mine
Elf:1:    eino_elf_arrival_shootout, layout_loops_corners, serial_shops, shop,
          hangedman_elven_crosses_minicolossus
Elf:2:    elven_hall_of_blades_hangedman_alternative
          [nicolae_blade_entry_crossed_weapons], layout_geoelf_diagonals,
          lemuel_upstairs_altar, uniq_aizul, uniq_norris
Elf:3:    minmay_elf_hall_spiked, layout_geoelf_diagonals, special_room
          [special_room_mythical_zoo]
Vaults:1: vaults_mumra_bighexcomb, nicolae_vaults_big_angled_halls,
          nicolae_vaults_closet_pinwheel_5, nicolae_vaults_ring_of_whatevers,
          nicolae_vaults_ellipses_ellipsis, hangedman_vaults_impose,
          nicolae_vaults_little_squares_6, nicolae_vaults_lightning_bolt,
          nicolae_vaults_trapezoid_4, nicolae_vaults_diamond_2,
          vaults_room_stairs_pillars, v_rooms_4, minmay_orc_keep,
          layout_vaults_omnibox, serial_shops, nicolae_square_shop
Vaults:2: hangedman_vaults_stagger, vaults_room_semicircle,
          ontoclasm_vaults_spin, vaults_mumra_minichess_inversion,
          nicolae_vaults_trapezoid_4, hangedman_vaults_stretched_pinwheel,
          nicolae_vaults_inception_scallops, nicolae_vaults_closet_pinwheel_3,
          ontoclasm_vaults_ring_small, vaults_dpeg_encased_lava, v_rooms_4,
          vaults_dpeg_emergency_exit, nicolae_vaults_double_plus_2,
          layout_vaults_big_cross
Vaults:3: gammafunk_ghost_cemetery, vaults_standard_mumra_x,
          ontoclasm_vaults_eye, nicolae_vaults_you_can_take_it_with_you,
          nicolae_vaults_shelves_hall, nicolae_vaults_apartment_2,
          nicolae_vaults_tetromino_T_1, v_misc_27,
          nicolae_vaults_surprise_closet, layout_vaults_omnigrid,
          minmay_crypt_entry_necro_gods, serial_shops, shop,
          nicolae_shop_hallway_stairs, nicolae_shop_window_shopping
Vaults:4: portal_desolation_entry_holy_temple,
          nicolae_vaults_windows_and_doors_thing,
          hangedman_vaults_corner_blocks, v_misc_24, vaults_room_stairs_pillars,
          nicolae_vaults_taking_the_gang_shopping, nicolae_vaults_heist,
          nicolae_vaults_wine_cellar, v_misc_10,
          nicolae_vaults_offset_grid_hallway_4, vaults_room_ringed_pool,
          layout_vaults_ring, uniq_boris
Vaults:5: serial_shops, uniq_xtahua, uniq_bai_suzhen
Crypt:1:  layout_misc_corridors
Crypt:2:  layout_rooms, chequers_hall_statues_corner_a,
          minmay_guarded_unrand_curses, grunt_megastairs_4
Crypt:3:  david_glass_crypt, layout_chaotic_city,
          nicolae_tomb_entry_grand_gallery, uniq_sojobo
Tomb:1
Tomb:2
Tomb:3
Depths:1: layout_honeycomb, grunt_metal_band, fedhas_altar_fruit_tree,
          minmay_shop_star, grunt_megastairs_2, serial_bayou_shore_b
Depths:2: minmay_bloctagon_deflated, layout_gridlike, enter_ziggurat_d,
          tso_metal_star, grunt_pan_entry_in_and_out, hell_entry,
          infiniplex_staircase_pool_2
Depths:3: dreamdust_tengu_aerie, layout_cave_pools, zin_angel,
          abyss_entry_glasseish, hell_entry, grunt_qazlal_clouds
Depths:4: grunt_zot_entry_bicorn, layout_basic, hell_entry,
          hangedman_abyss_or_decor_jellyfish_corner
Hell
Dis:1:    layout_gridville
Dis:2:    layout_gridville, minmay_strange_pillars
Dis:3:    layout_gridville, lemuel_dis_dragons
Dis:4:    layout_subdivisions, nicolae_dis_grated_feature
Dis:6:    layout_overlapping_boxes
Dis:7:    dis_grunt_layers
Geh:1:    layout_gehenna_lava_caves
Geh:2:    layout_gehenna_pools_triple, nicolae_hells_leichenhalle
Geh:3:    layout_gehenna_pools_box
Geh:4:    layout_gehenna_lava_caves
Geh:6:    nicolae_geh_erupted_tower, layout_gehenna_pools_box,
          nicolae_hells_hurtin_island
Geh:7:    evilmike_geh
Coc:1:    layout_cocytus_water_paths
Coc:2:    layout_cocytus_delve
Coc:3:    layout_cocytus_water_paths
Coc:4:    layout_cocytus_delve
Coc:5:    layout_ice_bergs
Coc:6:    layout_cocytus_water_paths
Coc:7:    coc_dpeg
Tar:1:    layout_grid_maze
Tar:2:    layout_grid_maze
Tar:4:    layout_grid_maze, nicolae_tar_cuneiform_heaven,
          nicolae_tar_cuneiform_bird
Tar:5:    hangedman_tartarus_temple_path, layout_cathedral_of_symmetry,
          lemuel_nasty_fountain
Tar:6:    nicolae_tar_funeral_procession, layout_cathedral_of_symmetry
Tar:7:    tar_old
Zot:1:    layout_gridlike, hangedman_zot_decor_checkerboard,
          guppyfry_library_mini, uniq_tiamat
Zot:2:    layout_onion_interference, regret_index_zotdec_banners
Zot:3:    layout_misc_corridors, hellmonk_ghost_happy_afterlife
Zot:4:    layout_twisted_circle, st_stairs_5, grunt_ministairs_5
Zot:5:    layout_misc_corridors

Skill      XL: |  1  2  3  4  5  6  7  8  9 10 11 12 13 14 15 16 17 18 19 20 21 22 23 24 25 26 27 |
---------------+----------------------------------------------------------------------------------+-----
Stealth        | 1 2 3 27 | 27.0
Unarmed Combat | 4 5 6 7 12 15 17 19 20 21 22 23 27 | 27.0
Shapeshifting  | 5 6 8 10 12 14 18 21 23 27 | 27.0
Fighting       | 4 7 9 11 15 17 19 20 21 22 23 27 | 27.0
Dodging        | 6 8 11 12 27 | 27.0
Spellcasting   | 6 11 13 15 16 27 | 27.0
Translocations | 3 6 8 10 12 17 | 17.0
Alchemy        | 1 |  1.0
Hexes          | 6 17 | 17.7
Air Magic      | 8 |  8.3
Ice Magic      | 27 | 27.0
Evocations     | 27 | 27.0

Action                     |  1- 3 |  4- 6 |  7- 9 | 10-12 | 13-15 | 16-18 | 19-21 | 22-24 | 25-27 || total
---------------------------+-------+-------+-------+-------+-------+-------+-------+-------+-------++-------
  Melee: Unarmed           |    52 |    75 |   201 |   342 |  1190 |  1443 |  1749 |  1717 | 11714 || 18483
         Tentacles         |    10 |    10 |    45 |     1 |       |       |       |       |  1386 ||  1452
         Constrict         |    11 |     8 |    48 |    71 |   243 |   172 |    88 |   176 |   768 ||  1585
         Punch             |     3 |     3 |    10 |       |       |       |       |       |  1267 ||  1283
         Kick              |       |       |       |       |       |       |       |       |   905 ||   905
   Fire: Sling             |       |       |       |    25 |       |       |       |       |       ||    25
  Throw: Boomerang         |       |       |    19 |       |       |       |       |       |       ||    19
         Throwing net      |       |       |     1 |       |       |       |       |       |       ||     1
         Dart              |       |       |     4 |    18 |       |       |       |       |       ||    22
   Cast: Manifold Assault  |       |       |       |       |       |   453 |   946 |   634 |  4642 ||  6675
         Blink             |       |       |       |       |       |     5 |       |       |     1 ||     6
         Passage of Golubr |       |       |       |       |       |     1 |       |     4 |       ||     5
         Yara's Violent Un |       |       |       |       |       |       |       |     3 |     1 ||     4
         Polar Vortex      |       |       |       |       |       |       |       |       |    72 ||    72
         Vhi's Electric Ch |       |       |       |       |       |       |       |       |     1 ||     1
 Invoke: Call Merchant     |       |       |       |       |       |     1 |       |     6 |     2 ||     9
         Potion Petition   |       |       |       |       |       |       |       |     4 |    95 ||    99
Ability: Begin Untransform |       |       |       |       |       |     1 |       |       |       ||     1
         Siphon Essence    |       |       |       |       |       |       |       |       |     1 ||     1
  Evoke: Wand              |       |     1 |    10 |    19 |    24 |     1 |    30 |     1 |    27 ||   113
         Sack of spiders   |       |       |       |       |       |       |     1 |     1 |       ||     2
         Phantom mirror    |       |       |       |       |       |       |       |     1 |       ||     1
    Use: Potion            |       |     1 |     1 |     1 |     8 |     9 |     7 |    10 |     2 ||    39
         Scroll            |       |       |     5 |     1 |    15 |    10 |     8 |    13 |    40 ||    92
   Stab: Sleeping          |    11 |     8 |     6 |     4 |     6 |     5 |     4 |     6 |    21 ||    71
         Paralysed         |       |     4 |     7 |       |       |       |       |       |       ||    11
         Distracted        |       |       |     1 |     6 |     7 |     8 |     6 |    21 |    97 ||   146
         Invisible         |       |       |       |     2 |       |       |     2 |       |     7 ||    11
 Armour: Skin              |    17 |    39 |    82 |   176 |   815 |   822 |   622 |   675 |  2709 ||  5957
  Dodge: Dodged            |    23 |    43 |    81 |   146 |   641 |   648 |   483 |   437 |  3188 ||  5690
  Block: Other             |       |       |    18 |    51 |    51 |       |       |       |       ||   120
         Reflection        |       |       |     4 |     1 |       |       |       |       |       ||     5
   Form: Serpent           |       |       |     2 |     2 |     1 |     1 |       |     1 |       ||     7
                           |       |       |     2 |     1 |     1 |       |       |     1 |     3 ||     8
         Blade             |       |       |     1 |       |       |       |       |       |       ||     1
         Beast             |       |       |     1 |       |       |       |       |       |       ||     1
         Death             |       |       |       |       |       |       |       |       |     9 ||     9
         Storm             |       |       |       |       |       |       |       |       |     6 ||     6

Table legend: (Time is in decaauts)
 A = Elapsed time spent in this place.
 B = Non-inter-level travel time spent in this place.
 C = Inter-level travel time spent in this place.
 D = Time resting spent in this place.
 E = Time spent auto-exploring this place.
 F = Levels seen in this place.
 G = Mean time per level.
                   A        B        C        D        E       F      G
               +--------+--------+--------+--------+--------+-----+--------+
         Total | 193296 | 182646 |  10650 |  23583 | 128697 | 134 | 1442.5 |
       Dungeon |  21556 |  18193 |   3363 |   1076 |  13998 |  15 | 1437.1 |
        Temple |     16 |     16 |      0 |      0 |      0 |   1 |   16.0 |
          Lair |   8436 |   7155 |   1281 |    101 |   5889 |   5 | 1687.2 |
        Shoals |  11644 |  11290 |    354 |   2219 |   8031 |   4 | 2911.0 |
   Spider Nest |   7644 |   7420 |    224 |   1188 |   5530 |   4 | 1911.0 |
    Slime Pits |   9845 |   8741 |   1104 |   2733 |   4614 |   5 | 1969.0 |
  Orcish Mines |   2225 |   1952 |    273 |    208 |   1271 |   2 | 1112.5 |
   Elven Halls |   9761 |   9312 |    449 |   2361 |   5786 |   3 | 3253.7 |
        Vaults |  16253 |  15176 |   1077 |   2712 |  10185 |   5 | 3250.6 |
         Crypt |   4564 |   4274 |    290 |    762 |   2910 |   3 | 1521.3 |
          Tomb |   4267 |   3934 |    333 |    183 |   3046 |   3 | 1422.3 |
        Depths |   8340 |   7645 |    695 |   1920 |   4891 |   4 | 2085.0 |
          Hell |    933 |    743 |    190 |      0 |    677 |   1 |  933.0 |
           Dis |   7188 |   7033 |    155 |   2573 |   3668 |   6 | 1198.0 |
       Gehenna |   5534 |   5357 |    177 |   1102 |   3688 |   6 |  922.3 |
       Cocytus |   5919 |   5786 |    133 |   1631 |   3584 |   7 |  845.6 |
      Tartarus |   5068 |   4772 |    296 |    484 |   3697 |   6 |  844.7 |
           Zot |   7231 |   6981 |    250 |    616 |   5689 |   5 | 1446.2 |
         Abyss |    278 |    278 |      0 |      0 |     97 |   2 |  139.0 |
   Pandemonium |  54432 |  54432 |      0 |   1273 |  40637 |  45 | 1209.6 |
        Bailey |    592 |    592 |      0 |     42 |    245 |   1 |  592.0 |
    Desolation |   1559 |   1559 |      0 |    394 |    558 |   1 | 1559.0 |
               +--------+--------+--------+--------+--------+-----+--------+

Top non-repeatable levels by time:
   Dis:7: 4629 daAuts
   Elf:2: 4604 daAuts
Shoals:4: 4291 daAuts
Vaults:5: 4100 daAuts
Shoals:2: 3811 daAuts
    D:14: 3627 daAuts
Vaults:3: 3598 daAuts
Vaults:2: 3471 daAuts
   Elf:3: 3164 daAuts
   Geh:7: 3051 daAuts
 Slime:4: 2887 daAuts
Vaults:4: 2851 daAuts
   Tar:7: 2850 daAuts
 Slime:3: 2629 daAuts
Depths:1: 2461 daAuts
